 Dungeon Crawl Stone Soup version 0.30-a0-253-g6b895097cc (webtiles) character file.

Game seed: 15813054047306974967

15997479 910rd the Conqueror (level 27, 298/298 HPs)
             Began as a Gargoyle Fighter on Oct 11, 2022.
             Was the Champion of the Shining One.
             Escaped with the Orb
             ... and 15 runes on Oct 13, 2022!
             The game lasted 08:33:55 (97723 turns).

910rd the Conqueror (Gargoyle Fighter)             Turns: 97723, Time: 08:33:56

Health: 298/298    AC: 83    Str: 30      XL:     27
Magic:  40/40      EV: 26    Int: 13 (15) God:    the Shining One [******]
Gold:   10428      SH:  0    Dex: 25      Spells: 26/34 levels left

rFire   + + +      SeeInvis +    J - +9 broad axe (holy)
rCold   + + +      Faith    .    c - +8 tower shield {AC+3}
rNeg    + + +      Spirit   .    L - +12 gold dragon scales
rPois   ∞          Reflect  .    e - +2 helmet of the End {Fly SInv}
rElec   +          Harm     .    z - +2 cloak {rCorr}
rCorr   +          Rampage  .    y - +2 pair of gloves {hurl}
Will    ++++.      Clarity  +    q - +2 pair of boots {Stlth+}
Stlth   ..........               r - amulet "Wuijegh" {rC+ Regen+}
HPRegen 1.49/turn                k - ring of Circularity {rElec rF+ AC+4 Int+6 Dex+4}
MPRegen 0.27/turn                j - ring of the Supporting Gods {Will++ Dex+6}

@: confused, mighty, berserking, resistant, ambrosia-drunk, attractive, flying,
hasted, glowing, studying 6 skills, very quick
A: sickness immunity, AC +20, big wings, negative energy resistance 1,
electricity resistance, torment resistance 1, petrification resistance, hooves
1, agile 1, clarity, cold resistance 1
0: Orb of Zot
}: 15/15 runes: serpentine, barnacled, slimy, silver, golden, iron, obsidian,
icy, bone, abyssal, demonic, glowing, magical, fiery, dark
a: Renounce Religion, Divine Shield, Cleansing Flame, Summon Divine Warrior


You escaped.
You worshipped the Shining One.
The Shining One was exalted by your worship.
You visited 18 branches of the dungeon, and saw 88 of its levels.
You visited Pandemonium 2 times, and saw 15 of its levels.
You visited the Abyss 3 times.
You visited 1 ziggurat, and saw 16 of its levels.
You also visited: Ossuary and Desolation.

You collected 16696 gold pieces.
You spent 6268 gold pieces at shops.

Inventory:

Hand Weapons
 t - the +4 broad axe of Xustruadgh {speed, rF+ rC+}
   (You acquired it on level 2 of the Lair of Beasts)

   Attacks with this weapon are significantly faster.
   rF:        It protects you from fire.
   rC:        It protects you from cold.
 G - the +3 war axe "Atteyrgh" {freeze, +Blink rF+ Will+ Str+3}
   (You acquired it on level 4 of the Depths)

   It freezes those it strikes, dealing additional cold damage.
   It can also slow down cold-blooded creatures.
   Str:       It affects your strength (+3).
   rF:        It protects you from fire.
   +Blink:    It lets you blink.
   Will:      It increases your willpower.
 J - a +9 broad axe of holy wrath (weapon)
Missiles
 g - 18 silver javelins
 n - 17 javelins
 E - 7 throwing nets
 K - 43 boomerangs
 X - 14 curare-tipped darts (quivered)
Armour
 c - a +8 tower shield of protection (worn)
 e - the +2 helmet of the End (worn) {Fly SInv}
   (You acquired it on level 3 of the Tomb of the Ancients)

   SInv:      It lets you see invisible.
   Fly:       It grants you flight.
 q - a +2 pair of boots of stealth (worn)
 y - a +2 pair of gloves of hurling (worn)
 z - a +2 cloak of preservation (worn)
 L - +12 gold dragon scales (worn)
Jewellery
 a - the ring of Hose Zar {+Blink rC+}
   (You found it on level 7 of a ziggurat)

   [ring of protection from cold]

   rC:        It protects you from cold.
   +Blink:    It lets you blink.
 h - a ring of resist corrosion
 j - the ring of the Supporting Gods (right hand) {Will++ Dex+6}
   (You found it on level 16 of a ziggurat)

   [ring of dexterity]

   Dex:       It affects your dexterity (+6).
   Will:      It greatly increases your willpower.
 k - the ring of Circularity (left hand) {rElec rF+ AC+4 Int+6 Dex+4}
   (You found it on level 4 of the Depths)

   [ring of protection]

   AC:        It affects your AC (+4).
   Int:       It affects your intelligence (+6).
   Dex:       It affects your dexterity (+4).
   rF:        It protects you from fire.
   rElec:     It insulates you from electricity.
 r - the amulet "Wuijegh" (around neck) {rC+ Regen+}
   (You found it on level 11 of a ziggurat)

   [amulet of regeneration]

   rC:        It protects you from cold.
   Regen:     It increases your rate of health regeneration.
 x - the ring of Xiubbust {Wiz rElec rC+ Will+}
   (You found it on level 5 of the Pits of Slime)

   [ring of wizardry]

   It improves your spell success rate.
   rC:        It protects you from cold.
   rElec:     It insulates you from electricity.
   Will:      It increases your willpower.
 V - an amulet of reflection
Wands
 f - a wand of paralysis (3)
 N - a wand of light (37)
 O - a wand of digging (7)
 Y - a wand of iceblast (49)
Scrolls
 i - 9 scrolls of immolation
 m - 10 scrolls of butterflies
 u - 18 scrolls of teleportation
 w - 13 scrolls of poison
 D - 12 scrolls of blinking
 P - 6 scrolls of silence
 R - 4 scrolls of summoning
 T - 4 scrolls of magic mapping
 U - 14 scrolls of vulnerability
 W - 10 scrolls of fear
Potions
 b - 12 potions of attraction
 d - 2 potions of might
 l - 15 potions of curing
 o - a potion of haste
 p - 4 potions of heal wounds
 A - 3 potions of berserk rage
 C - 6 potions of cancellation
 H - 2 potions of resistance
 I - 6 potions of magic
 Q - a potion of mutation
 S - 5 potions of ambrosia
Miscellaneous
 s - a tin of tremorstones (2/2)
 v - a phial of floods
 B - a phantom mirror
 F - a box of beasts
 M - a lightning rod (4/4)
 Z - a condenser vane


   Skills:
 O Level 27 Fighting
 - Level 18.0 Axes
 - Level 19.3 Throwing
 O Level 27 Armour
 O Level 27 Dodging
 - Level 6.0 Stealth
 O Level 27 Shields
 - Level 4.0 Spellcasting
 + Level 13.8 Translocations
 - Level 6.0 Transmutations
 - Level 11.4 Fire Magic
 - Level 8.0 Earth Magic
 O Level 27 Invocations
 - Level 15.0 Evocations


You had 26 spell levels left.
You knew the following spells:

 Your Spells              Type           Power      Damage    Failure   Level
a - Passwall              Tmut/Erth      16%        N/A       9%          2
b - Apportation           Tloc           76%        N/A       1%          1
c - Blink                 Tloc           76%        N/A       1%          2
d - Lesser Beckoning      Tloc           76%        N/A       1%          3

Your spell library contained the following spells:

 Spells                   Type           Power      Damage    Failure   Level
 Scorch                   Fire           64%        2d8       1%          2
 Passage of Golubria      Tloc           38%        N/A       3%          4
 Sandblast                Erth           46%        2d11      4%          1
 Beastly Appendage        Tmut           36%        N/A       9%          1
 Momentum Strike          Conj/Tloc      40%        3d9       10%         2
 Kindle Blastsparks       Fire/Tloc/Air  48%        2d14      10%         3
 Foxfire                  Conj/Fire      68%        2x1d7     11%         1
 Wereblood                Tmut           18%        N/A       14%         2
 Portal Projectile        Hex/Tloc       40%        N/A       19%         3
 Vhi's Electric Charge    Tloc/Air       40%        N/A       19%         3
 Sting                    Tmut/Pois      40%        1d5       30%         1
 Ignite Poison            Fire/Tmut/Pois 17%        N/A       30%         3
 Inner Flame              Hex/Fire       17%        N/A       30%         3
 Dispersal                Tloc           19%        N/A       50%         6
 Stone Arrow              Conj/Erth      26%        3d8       52%         3
 Petrify                  Tmut/Erth      20%        N/A       52%         4
 Iskenderun's Mystic Bla  Conj/Tloc      20%        2d6       54%         4
 Spider Form              Tmut/Pois      10%        N/A       67%         3
 Freeze                   Ice            8%         1d3       71%         1
 Kiss of Death            Conj/Necr      8%         2d6       71%         1
 Magic Dart               Conj           8%         1d3       71%         1
 Necrotise                Necr           8%         1d4       71%         1
 Slow                     Hex            8%         N/A       71%         1
 Summon Small Mammal      Summ           8%         N/A       71%         1
 Lee's Rapid Deconstruct  Erth           11%        3d9*      73%         5
 Ensorcelled Hibernation  Hex/Ice        4%         N/A       85%         2
 Poisonous Vapours        Pois/Air       4%         N/A       85%         2
 Searing Ray              Conj           4%         2d4       85%         2
 Static Discharge         Conj/Air       4%         2-3/arc   85%         2
 Summon Forest            Summ/Tloc      10%        N/A       87%         5
 Animate Armour           Summ/Erth      26%        N/A       90%         4
 Leda's Liquefaction      Hex/Erth       6%         N/A       90%         4
 Blade Hands              Tmut           9%         N/A       94%         5
 Fireball                 Conj/Fire      8%         3d6       96%         5
 Call Canine Familiar     Summ           2%         N/A       97%         3
 Confusing Touch          Hex            2%         N/A       97%         3
 Dazzling Flash           Conj/Hex       4%         N/A       97%         3
 Frozen Ramparts          Ice            4%         1d1       97%         3
 Hailstorm                Conj/Ice       2%         3d3       97%         3
 Mephitic Cloud           Conj/Pois/Air  2%         N/A       97%         3
 Ozocubu's Armour         Ice            2%         N/A       97%         3
 Summon Guardian Golem    Hex/Summ       2%         N/A       97%         3
 Swiftness                Air            2%         N/A       97%         3
 Tukima's Dance           Hex            2%         N/A       97%         3
 Vampiric Draining        Necr           2%         2d6       97%         3
 Ice Form                 Ice/Tmut       10%        N/A       97%         4
 Anguish                  Hex/Necr       1%         N/A       100%        4
 Animate Dead             Necr           2%         N/A       100%        4
 Cause Fear               Hex            1%         N/A       100%        4
 Dispel Undead            Necr           2%         3d7       100%        4
 Fulminant Prism          Conj/Hex       1%         3d6       100%        4
 Olgreb's Toxic Radiance  Pois           2%         N/A       100%        4
 Summon Ice Beast         Ice/Summ       2%         N/A       100%        4
 Summon Lightning Spire   Summ/Air       2%         N/A       100%        4
 Agony                    Necr           2%         N/A       100%        5
 Alistair's Intoxication  Tmut/Pois      6%         N/A       100%        5
 Arcjolt                  Conj/Air       1%         1d11      100%        5
 Freezing Cloud           Conj/Ice/Air   1%         6-21      100%        5
 Irradiate                Conj/Tmut      5%         3d13      100%        5
 Iskenderun's Battlesphe  Conj           2%         2d6       100%        5
 Lightning Bolt           Conj/Air       1%         1d12      100%        5
 Metabolic Englaciation   Hex/Ice        1%         N/A       100%        5
 Silence                  Hex/Air        1%         N/A       100%        5
 Conjure Ball Lightning   Conj/Air       1%         3x3d6     100%        6
 Death Channel            Necr           1%         N/A       100%        6
 Eringya's Noxious Bog    Tmut/Pois      5%         N/A       100%        6
 Iron Shot                Conj/Erth      6%         9d2       100%        6
 Simulacrum               Ice/Necr       1%         N/A       100%        6
 Starburst                Conj/Fire      8%         6d4       100%        6
 Dragon Form              Tmut           9%         N/A       100%        7
 Haunt                    Necr/Summ      1%         N/A       100%        7
 Malign Gateway           Summ/Tloc      10%        N/A       100%        7
 Orb of Destruction       Conj           1%         9d5       100%        7
 Ozocubu's Refrigeration  Ice            1%         4d7       100%        7
 Spellforged Servitor     Conj/Summ      1%         N/A       100%        7
 Storm Form               Tmut/Air       5%         N/A       100%        7
 Summon Hydra             Summ           1%         N/A       100%        7
 Discord                  Hex            1%         N/A       100%        8
 Ignition                 Fire           16%        3d6       100%        8
 Infestation              Necr           1%         N/A       100%        8
 Lehudib's Crystal Spear  Conj/Erth      6%         10d3      100%        8
 Maxwell's Capacitive Co  Air            1%         ∞         100%        8
 Chain Lightning          Conj/Air       1%         3d1       100%        9
 Dragon's Call            Summ           1%         N/A       100%        9
 Cigotuvi's Dreadful Rot  Necr/Pois/Air  Unusable   N/A       N/A         2
 Sublimation of Blood     Necr           Unusable   N/A       N/A         2
 Statue Form              Tmut/Erth      Unusable   N/A       N/A         6

Dungeon Overview and Level Annotations

Branches:
Dungeon (15/15)            Temple (1/1) D:7            Lair (5/5) D:8
 Shoals (4/4) Lair:3        Snake (4/4) Lair:2        Slime (5/5) Lair:4
    Orc (2/2) D:11            Elf (3/3) Orc:2        Vaults (5/5) D:14
  Crypt (3/3) Vaults:3       Tomb (3/3) Crypt:3      Depths (4/4) D:15
   Hell (visited)             Dis (7/7) Hell            Geh (7/7) Hell
    Coc (7/7) Hell            Tar (7/7) Hell            Zot (5/5) Depths:4
Ossuary (visited)         Desolation (visited)

Altars:
Ashenzari
Cheibriados
Dithmenos
Elyvilon
Fedhas
Gozag
Hepliaklqana
Kikubaaqudgha
Makhleb
Nemelex Xobeh
Okawaru
Qazlal
Ru
Sif Muna
Trog
Uskayaw
Wu Jian
Xom
Yredelemnul
Zin
The Shining One
Jiyva
Lugonu

Shops:
D:2 [   D:3 [   D:4 *   Orc:2 *[([   Elf:1 [   Elf:2 :   Elf:3 =:=   Shoals:3 ?
Snake:1 !   Snake:3 **   Vaults:1 !   Vaults:2 ?   Vaults:3 [   Vaults:4 ?*
Vaults:5 =   Zot:4 *   Depths:1 [   Depths:2 ?*   Depths:4 *

Portals:
Hell: Depths:1 Depths:2 Depths:3 Depths:4
Abyss: Zot:3 Depths:3 Depths:4
Pandemonium: Depths:2 Depths:3
Trove: D:12 (give 4 potions of resistance)

Annotations:
Lair:2 exclusion: downstairs
Lair:3 exclusion: 2 downstairs
Lair:4 exclusion: door
Elf:2 3 runed translucent doors
Coc:7 Antaeus
Zot:1 1 transporter
Zot:3 4 transporters


Innate Abilities, Weirdness & Mutations

You are immune to sickness and miasma.
Your stone body is resilient. (AC +20)
You are immune to poison.
Your large and strong wings let you fly.
You resist negative energy. (rN+)
You are resistant to electric shocks. (rElec)
You are resistant to unholy torment.
You are immune to petrification.
You have large cloven feet.
You are agile. (Dex +4, Str/Int -1)
You possess an exceptional clarity of mind.
Your flesh is cold resistant. (rC+)


Message History

You block the soul eater's attack. You block the soul eater's attack.
Your daeva calls down the wrath of the Shining One upon the soul eater.
The soul eater is smitten.
You block the soul eater's attack.
Your daeva closely misses the soul eater.
Your daeva hits the soul eater with a +3 eudemon blade of holy wrath.
The soul eater convulses.
You regained 2 hp, and now have 186/199 hp.
You block the soul eater's attack.
Your daeva calls down the wrath of the Shining One upon the soul eater.
The soul eater is smitten.
You swap places.
The soul eater misses you.
Your daeva hits the soul eater with a +3 eudemon blade of holy wrath.
The soul eater convulses.
Your daeva hits the soul eater with a +3 eudemon blade of holy wrath!
The soul eater convulses!
You slice the soul eater!!
You kill the soul eater!
The Shining One accepts your kill.
The Shining One blesses your daeva with more time in this world.
You regained 2 hp, and now have 191/199 hp.
There is a staircase leading out of the dungeon here.
You regained 2 hp, and now have 195/199 hp.
You feel yourself speed up.
You feel very mighty all of a sudden.
Really quaff the potion of attraction? [Y]es or [N]o only, please.
Really quaff the potion of attraction?
You feel attractive to monsters.
You feel protected.
Health restored: 199 You are confused.
You feel invigorated.
MP restored: 40 A red film seems to cover your vision as you go berserk!
You feel yourself moving faster!
You feel mighty!
You now have 298/298 hp.
You feel a strong urge to attack something.
You have escaped!

#################################
.......................#.........
.......................#.########
...#####...####...##...#.# ...#
#...# #...##...#.# ...#
#...####........#.###
...#####.......A@......#.#.######
.......................#.#.......
.............#######...#.#.####..
.....#####...# #...#.#.#.....
##...# #...# #...#.#.#..... #...#
#...# #...#.#.#.....
##...#####...#######...#.#.#.####
...X...................#.........
..................)....#.........


You could see a friendly daeva (summoned).

Vanquished Creatures
  Cerebov (Pan)
  Asmodeus (Geh:7)
  Ereshkigal (Tar:7)
  Ignacio (Pan)
  Gloorx Vloq (Pan)
  Mnoleg (Pan)
  the Serpent of Hell (Geh:7)
  Lom Lobon (Pan)
  11 dread liches
  10 ancient liches
  11 orbs of fire
  6 juggernauts
  The ghost of Ocoxec the Slayer, a veteran AtGl of Qazlal (Zot:3)
  8 royal mummies
  18 shard shrikes
  4 Killer Klowns (Zot:5)
  Xtahua (Depths:4)
  5 curse toes
  16 caustic shrikes
  Geryon (Hell)
  Nikola (Elf:3)
  13 golden dragons
  38 bone dragons
  15 profane servitors
  11 Brimstone Fiends
  22 Tzitzimimeh
  2 iron giants (Dis:7)
  The ghost of Leaxtu the Warrior, an adept DsGl of Okawaru (Depths:4)
  6 doom hounds
  2 electric golems (Zot:5)
  17 hellephants
  A shard shrike zombie (Crypt:3)
  22 tentacled monstrosities
  Jorgrun (D:12)
  A walking crystal tome (Depths:3)
  A spectral shard shrike (Tar:5)
  25 Orb Guardians
  23 Ice Fiends
  19 searing wretches
  7 pandemonium lords
  14 tainted leviathans
  12 Hell Sentinels
  16 quicksilver dragons
  5 deep elf blademasters
  8 liches
  Grunn (Crypt:3)
  3 deep elf master archers
  16 titans
  A kraken (Abyss:3)
  15 Executioners
  21 acid blobs
  13 sphinxes
  34 ancient champions
  Polyphemus (Shoals:4)
  Gastronok (D:12)
  10 death cobs
  12 tentacled starspawn
  3 tengu reavers
  5 revenants
  A thorn hunter (Zig:12)
  Frances (Snake:2)
  6 demonspawn warmongers
  Ilsuiw (Shoals:4)
  10 draconian knights
  10 shadow dragons
  3 draconian monks
  3 daevas
  17 storm dragons
  11 azure jellies
  The ghost of Cinyup Wudu the Eviscerator, an adept FeBe of Trog (Vaults:4)
  A fenstrider witch (Zig:13)
  19 fire giants
  11 iron dragons
  13 narguns
  16 nagarajas
  5 deep elf sorcerers (Elf:3)
  4 ghost moths
  The ghost of Zarkath the Eclecticist, an adept DEFE of Vehumet (Shoals:3)
  18 rockslimes
  2 imperial myrmidons (Desolation)
  2 caustic shrike zombies
  19 frost giants
  18 cacodemons
  7 quicksilver elementals
  43 balrugs
  8 draconian scorchers
  6 draconian stormcallers
  Aizul (Snake:2)
  5 spectral caustic shrikes
  18 vault wardens
  3 draconian shifters
  A juggernaut zombie (Crypt:3)
  4 shard shrike simulacra
  6 curse skulls
  A spectral juggernaut (Tar:5)
  An angel (Depths:4)
  6 deep elf elementalists (Elf:3)
  3 demonspawn blood saints (Pan)
  27 ironbound preservers
  31 ghouls
  2 spriggan defenders
  16 reapers
  20 war gargoyles
  8 draconian annihilators
  8 ironbound thunderhulks
  4 orc warlords
  3 quicksilver oozes
  18 stone giants
  34 very ugly things
  31 elemental wellsprings
  6 eleionomae
  5 demonspawn corrupters (Pan)
  7 vampire knights
  11 lorocyprocas
  A spectral titan (Tar:4)
  2 bennus (Tomb:3)
  11 black draconians
  26 putrid mouths
  10 deep elf annihilators
  2 demonspawn black suns (Pan)
  10 wendigos
  7 green draconians
  12 deep elf demonologists
  7 purple draconians
  15 red draconians
  11 dire elephants
  14 white draconians
  19 yellow draconians
  3 halazid warlocks (Desolation)
  12 eidola
  10 spark wasps
  A bunyip (Zig:13)
  The ghost of Kevoe the Carver, a journeyman DgDe (D:13)
  7 iron golems
  9 deep elf death magi
  2 crystal guardians
  6 green deaths (Pan)
  2 spectral quicksilver dragons
  15 ettins
  11 blizzard demons
  7 merfolk javelineers (Shoals:4)
  21 yaktaur captains
  4 spectral spriggans
  A spectral kraken (Shoals:2)
  5 jiangshi
  16 mummy priests
  2 spectral iron giants (Tar:5)
  3 ragged hierophants (Desolation)
  Josephine (D:11)
  10 merfolk impalers
  3 shambling mangroves
  9 fire dragons
  A spectral golden dragon (Tar:1)
  17 hydras
  4 great orbs of eyes
  An entropy weaver (Vaults:1)
  6 servants of whispers (Desolation)
  32 vault guards
  15 salamander tyrants
  A spriggan skeleton (Crypt:1)
  11 deep elf high priests
  5 rakshasas
  Erolcha (D:11)
  4 peacekeepers
  7 ice dragons
  5 hell beasts
  6 caustic shrike simulacra
  2 catoblepae
  4 death knights
  A fenstrider witch zombie (Crypt:3)
  10 ironbound frosthearts
  5 ogre magi
  8 juggernaut simulacra
  An anaconda (shapeshifter) (Zig:3)
  13 anacondas
  2 boulder beetles
  The ghost of Fipt the Convoker, a journeyman TeSu of Gozag (Shoals:2)
  A ghost crab (Abyss:3)
  4 alligator snapping turtles
  6 spriggan air magi
  A stoker (Geh:3)
  8 merfolk aquamancers
  30 centaur warriors
  12 naga warriors
  10 two-headed ogres
  3 merfolk avatars
  A satyr (Shoals:1)
  58 death scarabs
  7 tengu warriors
  2 alligators (Zig:13)
  9 deep troll shamans
  11 spriggan berserkers
  16 soul eaters
  11 deep troll earth magi
  19 thrashing horrors
  27 dancing weapons
  11 vampire magi
  9 death yaks
  6 orc high priests
  34 hell hogs
  5 shock serpents
  2 spectral dire elephants
  3 titan zombies
  A storm dragon zombie (Depths:1)
  Sonja (D:12)
  8 crystal echidnas
  38 hell knights
  19 deep elf knights
  15 naga sharpshooters
  26 starcursed masses
  52 sun demons
  A titan skeleton (Crypt:1)
  A fire crab (shapeshifter) (Depths:1)
  25 skeletal warriors
  35 shadow wraiths
  8 wretched stars
  2 fire crabs (Zig:11)
  12 iron trolls
  2 glowing orange brains
  18 sixfirhies
  A salamander mystic (Depths:3)
  A goliath frog (Zig:12)
  2 spatial maelstroms (Abyss:3)
  5 quicksilver dragon simulacra
  A spectral hydra (Tar:1)
  3 spriggan druids (Zig:13)
  2 steelbarb worms (shapeshifter) (Depths:3)
  11 flayed ghosts
  59 deep trolls
  12 shadow demons
  4 naga ritualists
  22 phantasmal warriors
  15 sea snakes
  2 bog bodies
  14 deep elf archers
  3 orange crystal statues (Zig:9)
  22 ironbound convokers
  2 anaconda zombies
  4 spriggan simulacra
  7 swamp dragons
  25 lindwurms
  3 obsidian statues
  2 anaconda skeletons (Hell)
  29 deep elf zephyrmancers
  A fenstrider witch simulacrum (Coc:1)
  8 wizards
  2 iron dragon zombies
  41 deep elf pyromancers
  A stone giant zombie (Depths:1)
  18 harpies
  5 orc knights
  41 ugly things
  9 necromancers
  5 shining eyes
  2 will-o-the-wisps
  5 wolf spiders
  An oklob plant (Tar:2)
  3 worldbinders (Abyss:3)
  5 mana vipers
  13 manticores
  11 fauns
  A mana viper (shapeshifter) (Depths:4)
  A shadow dragon skeleton (Depths:1)
  8 orc sorcerers
  6 cyclopes
  9 salamanders
  15 moths of wrath
  25 vault sentinels
  13 elephants
  3 dire elephant zombies (Crypt:3)
  A spectral centaur (Tar:1)
  10 water nymphs
  2 apocalypse crabs
  An elephant (shapeshifter) (Zot:3)
  11 naga magi
  28 black mambas
  2 rust devils
  2 frost giant skeletons (Depths:1)
  3 molten gargoyles (Hell)
  12 merfolk sirens
  3 gargoyles
  An ice statue (Hell)
  26 smoke demons
  3 eyes of devastation
  24 guardian serpents
  An alligator snapping turtle zombie (Crypt:3)
  3 centaur zombies
  Maurice (D:11)
  23 orange demons
  2 titan simulacra
  2 centaur skeletons
  An elephant slug zombie (Crypt:2)
  7 demonic crawlers (Pan)
  A spectral sea snake (Shoals:2)
  15 cane toads
  A red draconian zombie (Crypt:2)
  A komodo dragon (shapeshifter) (D:14)
  27 hellions
  12 komodo dragons
  A kobold demonologist (D:11)
  21 freezing wraiths
  10 efreet
  A sea snake zombie (Hell)
  3 rime drakes
  3 iron giant simulacra
  21 tormentors
  30 yaktaurs
  22 guardian mummies
  3 ice devils
  14 ancient zymes
  5 spectral harpies
  19 hellwings
  An iron troll skeleton (Crypt:2)
  A golden dragon simulacrum (Coc:3)
  6 anaconda simulacra
  3 harpy zombies
  A spectral naga (Tar:3)
  A troll (shapeshifter) (Zig:7)
  A merfolk (shapeshifter) (Elf:1)
  A green draconian skeleton (Crypt:2)
  6 silent spectres
  4 polar bears
  4 tengu conjurers
  33 merfolk
  A hydra zombie (Hell)
  6 wind drakes
  6 trolls
  2 tyrant leeches (Zig:13)
  35 saltlings (Desolation)
  A shadow dragon simulacrum (Coc:2)
  7 snapping turtles
  3 hydra skeletons (Hell)
  58 slime creatures
  3 harpy skeletons
  An alligator zombie (Hell)
  14 hornets
  Prince Ribbit (Lair:2)
  16 raiju (Abyss:3)
  An ettin zombie (Hell)
  23 blink frogs
  A stone giant simulacrum (Tomb:2)
  5 iron dragon simulacra
  An ice dragon zombie (Crypt:3)
  4 jumping spiders (Crypt:3)
  A guardian serpent zombie (Crypt:1)
  2 shadows
  2 ettin skeletons
  20 flying skulls
  14 wyverns
  A centaur simulacrum (Hell)
  A satyr skeleton (Crypt:2)
  4 spriggans
  6 air elementals
  7 ushabtiu
  4 fire elementals
  16 small abominations
  A vampire (Abyss:3)
  15 ynoxinuls
  19 yaks
  19 wraiths
  5 basilisks
  8 golden eyes
  7 dire elephant simulacra
  20 chaos spawn
  5 redbacks
  5 vampire mosquitoes
  36 water elementals
  4 steam dragons
  9 wargs
  18 neqoxecs
  17 harpy simulacra
  An acid dragon (D:12)
  2 naga zombies
  32 nagas
  19 water moccasins
  A hell hound (Zig:11)
  A floating eye (shapeshifter) (Elf:2)
  2 glowing shapeshifter zombies
  4 spectral snapping turtles (Shoals:2)
  A human skeleton (Depths:1)
  4 hydra simulacra
  2 floating eyes
  56 orc warriors
  28 large abominations
  An ice beast (D:5)
  A fire dragon simulacrum (Tar:2)
  4 swamp drakes
  A black bear (D:6)
  A boggart (shapeshifter) (Zot:3)
  4 ettin simulacra
  11 ogres
  17 wolves
  5 centaurs
  2 lindwurm skeletons
  A torpor snail zombie (Crypt:2)
  4 boggarts (Vaults:2)
  A phantom (D:4)
  A hog skeleton (Crypt:1)
  11 bullfrogs
  8 kobold brigands
  4 gnoll sergeants (D:11)
  5 earth elementals
  4 naga simulacra
  14 necrophages
  7 scorpions
  4 wyvern skeletons (Crypt:3)
  8 wights
  A yak zombie (Crypt:1)
  6 killer bees
  2 spriggan zombies
  A troll skeleton (Crypt:1)
  An electric eel (Lair:3)
  3 quasits (Abyss:3)
  A wolf skeleton (Crypt:1)
  6 hounds
  4 jellies
  23 orc priests
  6 iron imps
  An iguana (D:5)
  29 orc wizards
  5 hell rats (Lair:1)
  A killer bee zombie (Crypt:1)
  22 mummies
  5 gnolls
  10 adders
  A shadow imp (D:6)
  3 white imps
  3 ufetubi
  4 worms
  2 dart slugs
  137 orcs
  10 ball pythons
  4 endoplasms
  2 giant cockroaches
  7 goblins
  12 hobgoblins
  27 kobolds
  4 quokkas
  4 bats
  A frilled lizard (D:2)
  3 goblin zombies (Ossuary)
  4 hobgoblin zombies (Ossuary)
  A kobold skeleton (Crypt:1)
  4 kobold zombies (Ossuary)
  2 rats
  A ball lightning (Pan)
  A block of ice (Pan)
  A creeping inferno (Geh:2)
  6 fire vortices
  12 starspawn tentacles
  3 tentacles (Abyss:3)
  A withered plant (Crypt:3)
4155 creatures vanquished.

Vanquished Creatures (collateral kills)
  the Royal Jelly (Slime:5)
  Dispater (Dis:7)
  A dread lich (Vaults:4)
  Tiamat (Zot:4)
  An ancient lich (Zot:5)
  Mennas (Vaults:5)
  2 pandemonium lords
  2 royal mummies (Tomb:3)
  Parghit (Depths:4)
  3 Brimstone Fiends
  A Hell Sentinel (Dis:6)
  A searing wretch (Geh:7)
  4 liches
  An Orb Guardian (Zot:5)
  3 acid blobs (Slime:5)
  A walking divine tome (Depths:3)
  A titan (Vaults:5)
  A sphinx (Depths:3)
  4 ancient champions
  A storm dragon (Depths:3)
  An Executioner (Pan)
  A shadow dragon (Vaults:5)
  2 tengu reavers
  3 quicksilver elementals (Dis:6)
  3 rockslimes (Slime:5)
  A fire giant (Depths:3)
  2 vault wardens
  A demonspawn corrupter (Pan)
  2 balrugs
  An ironbound preserver (Vaults:4)
  A stone giant (Depths:3)
  2 bennus (Tomb:3)
  4 very ugly things
  A dire elephant (Vaults:2)
  A deep elf annihilator (Vaults:4)
  An eidolon (Zig:10)
  2 mummy priests (Tomb:3)
  A green death (D:1)
  A crystal guardian (Vaults:1)
  A yaktaur captain (Vaults:1)
  A fire dragon (Zig:11)
  2 vault guards (Vaults:5)
  A hydra (Lair:5)
  A boulder beetle (Vaults:1)
  A deep troll earth mage (Depths:3)
  2 death scarabs (Tomb:3)
  A crystal echidna (Dis:6)
  A fire crab (Zig:11)
  3 sun demons (Pan)
  2 shadow wraiths
  4 sixfirhies (Pan)
  4 deep trolls
  A wizard (Pan)
  A phantasmal warrior (Vaults:5)
  An anaconda skeleton (Tomb:3)
  A lindwurm (Vaults:1)
  A faun (Shoals:3)
  4 slime creatures
  A salamander (Depths:3)
  2 elephants (Lair:5)
  An ugly thing (Pan)
  A centaur zombie (Tomb:3)
  A dire elephant skeleton (Tomb:3)
  4 orange demons (Pan)
  2 smoke demons (Pan)
  A freezing wraith (Vaults:5)
  A hellion (Dis:6)
  A demonic crawler (Pan)
  7 guardian mummies (Tomb:3)
  An efreet (Pan)
  2 flying skulls (Tomb:3)
  A ynoxinul (Pan)
  7 ushabtiu (Tomb:3)
  2 fire elementals (Zig:11)
  2 chaos spawn (Pan)
  10 neqoxecs (Pan)
  An ogre (Vaults:5)
  5 mummies (Tomb:3)
  An orc (Vaults:5)
  A fire vortex (Pan)
151 creatures vanquished.

Vanquished Creatures (others)
  2 shard shrikes
  An Ice Fiend (Zig:4)
  3 eldritch tentacles
  3 fire giants
  A nargun (Coc:4)
  2 shard shrike simulacra
  An eleionoma (Zig:12)
  A juggernaut simulacrum (Coc:7)
  A caustic shrike simulacrum (Coc:7)
  A dancing weapon (Zig:14)
  2 sixfirhies (Pan)
  A quicksilver dragon simulacrum (Coc:5)
  A spriggan simulacrum (Coc:5)
  2 wizards (Pan)
  A deep elf pyromancer (Elf:1)
  2 necromancers
  A faun (Shoals:1)
  A manticore (Shoals:4)
  A deep elf zephyrmancer (Elf:1)
  An orange demon (Pan)
  A guardian mummy (Tomb:2)
  A tormentor (Geh:2)
  A golden dragon simulacrum (Coc:7)
  A dire elephant simulacrum (Coc:4)
  2 ynoxinuls (Pan)
  A harpy simulacrum (Coc:7)
  A hydra simulacrum (Coc:5)
  An ettin simulacrum (Coc:7)
  An orc wizard (D:8)
  An ufetubus (Abyss:3)
  2 orcs
  A ball python (D:4)
  7 ball lightnings (Pan)
  2 bushes (Lair:3)
  A creeping inferno (Geh:4)
  2 fire vortices
  14 foxfires
  45 fungi
  A lurking horror (Zot:3)
  158 plants
  27 starspawn tentacles
  15 tentacles
  20 withered plants
335 creatures vanquished.

Grand Total: 4641 creatures vanquished

Notes
Turn   | Place    | Note
-------+----------+-------------------------------------------
     0 | D:1      | 910rd the Gargoyle Fighter began the quest for the Orb.
     0 | D:1      | Reached XP level 1. HP: 14/14 MP: 1/1
   293 | D:1      | Reached XP level 2. HP: 20/20 MP: 2/2
   757 | D:2      | Reached XP level 3. HP: 24/24 MP: 3/3
   866 | D:2      | You fall into a shaft and drop 2 floors!
   912 | D:4      | Noticed a killer bee
   920 | D:4      | Killed a killer bee
   921 | D:4      | Reached skill level 5 in Fighting
   921 | D:4      | Reached XP level 4. HP: 23/31 MP: 4/4
   941 | D:4      | Found Zosoruj's General Store.
   946 | D:4      | Noticed a scorpion
   973 | D:4      | Killed a scorpion
   974 | D:4      | Reached XP level 5. HP: 35/35 MP: 5/5
  1209 | D:3      | Found Owelak's Armour Shoppe.
  1327 | D:2      | Found Roof Agi's Armour Shop.
  1987 | D:3      | Reached XP level 6. HP: 40/40 MP: 6/6
  2171 | D:4      | Bought a scroll of blinking for 75 gold pieces
  2238 | D:4      | Found a shimmering altar of Xom.
  2341 | D:4      | Noticed a steam dragon
  2354 | D:4      | Killed a steam dragon
  2355 | D:4      | Reached skill level 5 in Axes
  2365 | D:4      | Reached XP level 7. HP: 43/44 MP: 7/7
  2492 | D:5      | Entered Level 5 of the Dungeon
  2576 | D:5      | Identified the +2 spear of the Throat {flame, Dex+7}
  2887 | D:5      | Reached XP level 8. HP: 49/49 MP: 8/8
  3406 | D:6      | Reached skill level 5 in Armour
  3649 | D:6      | Reached XP level 9. HP: 52/54 MP: 9/9
  3654 | D:6      | Found a hide-covered altar of Uskayaw.
  3957 | D:7      | Found a sand-covered staircase.
  3964 | Ossuary  | Entered an ossuary
  4264 | Ossuary  | Reached skill level 10 in Axes
  4341 | D:7      | Identified a scroll of acquirement
  4480 | D:7      | Found a staircase to the Ecumenical Temple.
  4490 | Temple   | Entered the Ecumenical Temple
  4574 | Temple   | Became a worshipper of the Shining One
  4621 | D:7      | Reached skill level 1 in Invocations
  4971 | D:7      | Found a white marble altar of Elyvilon.
  4971 | D:7      | Found a snail-covered altar of Cheibriados.
  4998 | D:7      | Found a bloodstained altar of Trog.
  5243 | D:8      | Reached skill level 5 in Invocations
  5299 | D:8      | Found a staircase to the Lair.
  5528 | D:8      | Reached XP level 10. HP: 55/64 MP: 13/13
  5825 | D:9      | Reached skill level 1 in Evocations
  6125 | D:9      | Reached * piety under the Shining One
  6631 | Lair:1   | Entered Level 1 of the Lair of Beasts
  6641 | Lair:1   | Noticed a cane toad
  6649 | Lair:1   | Killed a cane toad
  6795 | Lair:1   | You fall into a shaft and drop 1 floor!
  6843 | Lair:2   | Noticed a cane toad
  6920 | Lair:1   | Reached ** piety under the Shining One
  6989 | Lair:1   | Reached skill level 5 in Shields
  7122 | Lair:1   | Noticed a cane toad
  7135 | Lair:1   | Killed a cane toad
  7453 | Lair:2   | Killed a cane toad
  7454 | Lair:2   | Reached XP level 11. HP: 62/68 MP: 17/17
  7544 | Lair:2   | Found a staircase to the Snake Pit.
  7894 | Lair:2   | Reached skill level 10 in Fighting
  8106 | Lair:2   | Noticed Prince Ribbit
  8143 | Lair:2   | Killed Prince Ribbit
  8370 | Lair:2   | Acquired 484 gold pieces
  8372 | Lair:2   | Acquired the +4 broad axe of Xustruadgh {speed, rF+ rC+}
  8869 | Lair:3   | Noticed a five-headed hydra
  8891 | Lair:3   | Killed a five-headed hydra
  8892 | Lair:3   | Reached XP level 12. HP: 23/77 MP: 16/18
  9031 | Lair:3   | Noticed a four-headed hydra
  9779 | Lair:3   | Found a staircase to the Shoals.
  9949 | Lair:4   | Found a viscous altar of Jiyva.
  9949 | Lair:4   | Found a staircase to the Slime Pits.
 10027 | Lair:4   | Identified the +0 leather armour "Zirol" {Stlth+}
 10049 | Lair:4   | Noticed a six-headed hydra
 10083 | Lair:4   | Noticed a death yak
 10084 | Lair:4   | Noticed a death yak
 10085 | Lair:4   | Noticed a death yak
 10085 | Lair:4   | Noticed a death yak
 10105 | Lair:4   | Killed a death yak
 10112 | Lair:4   | Killed a death yak
 10125 | Lair:4   | Killed a death yak
 10196 | Lair:4   | Reached skill level 5 in Evocations
 10701 | Lair:3   | Reached XP level 13. HP: 71/88 MP: 19/19
 10835 | Lair:5   | Entered Level 5 of the Lair of Beasts
 10847 | Lair:5   | Reached *** piety under the Shining One
 11718 | Lair:5   | Gained mutation: Your large and strong wings let you fly.
                  | [Gargoyle growth]
 11718 | Lair:5   | Reached XP level 14. HP: 69/96 MP: 20/20
 11812 | Lair:5   | Reached skill level 1 in Throwing
 11959 | Lair:5   | Reached skill level 15 in Axes
 12074 | Lair:5   | Reached **** piety under the Shining One
 12912 | D:10     | Entered Level 10 of the Dungeon
 13205 | D:10     | Found the +2 ratskin cloak {*Rats rPois rN+ Str-1 Int-1
                  | Dex+1}
 13209 | D:10     | Found a burning altar of Makhleb.
 13541 | D:11     | Noticed Erolcha
 13544 | D:11     | Paralysed by Erolcha for 5 turns
 13562 | D:11     | Killed Erolcha
 13697 | D:11     | Noticed Maurice
 13706 | D:11     | Killed Maurice
 13760 | D:11     | Noticed Josephine
 13769 | D:11     | Killed Josephine
 14247 | D:11     | Found a staircase to the Orcish Mines.
 14663 | D:12     | Noticed Sonja
 14678 | D:12     | Killed Sonja
 14714 | D:12     | Found a portal to a secret trove of treasure.
 14985 | D:12     | Noticed Jorgrun
 15006 | D:12     | Killed Jorgrun
 15045 | D:12     | Noticed Gastronok
 15061 | D:12     | Killed Gastronok
 15381 | Orc:1    | Entered Level 1 of the Orcish Mines
 15520 | Orc:2    | Entered Level 2 of the Orcish Mines
 15541 | Orc:1    | Reached ***** piety under the Shining One
 16204 | Orc:2    | Reached XP level 15. HP: 100/100 MP: 21/21
 16430 | Orc:2    | Noticed an orc warlord
 17089 | Orc:2    | Found Wyohunt's Antique Armour Emporium.
 17219 | Orc:2    | Found Vuxziazi's Antique Weapon Boutique.
 17236 | Orc:2    | Found Badd's Antique Armour Shop.
 17344 | Orc:2    | Found Nehay's Assorted Antiques.
 17394 | Orc:2    | Killed an orc warlord
 17417 | Orc:2    | Found a staircase to the Elven Halls.
 17536 | Orc:2    | Bought an encrusted lead wand for 104 gold pieces
 17591 | Orc:2    | Bought a faintly humming plate armour for 756 gold pieces
 17591 | Orc:2    | Identified the +7 plate armour "Kishruepe" {rF+ Str+4 Int-3
                  | Slay+3} (You bought it in a shop on level 2 of the Orcish
                  | Mines)
 17841 | D:4      | Bought a potion of might for 40 gold pieces
 18059 | D:13     | Identified the +10 arbalest of Uwawatu {freeze, rN+ MP-9
                  | Int+5}
 18110 | D:13     | Found a runed translucent gate.
 18110 | D:13     | Found a runed translucent gate.
 18112 | D:13     | Noticed Kevoe's ghost (journeyman DgDe)
 18119 | D:13     | Found a runed translucent gate.
 18188 | D:12     | HP: 1/100 [18-headed hydra (11)]
 18188 | D:12     | The Shining One protects you from harm!
 18772 | D:2      | Bought a +2 pair of gloves of hurling for 258 gold pieces
 19133 | D:12     | Found a portal to a secret trove of treasure.
 19501 | D:13     | Killed Kevoe's ghost
 19510 | D:13     | Identified the +8 scimitar of Infinity {vorpal, *Noise
                  | rN++}
 19688 | D:13     | Reached skill level 5 in Throwing
 20283 | D:14     | Found a gate to the Vaults.
 20284 | D:14     | Reached ****** piety under the Shining One
 20735 | D:15     | Entered Level 15 of the Dungeon
 20785 | D:15     | Found a broken altar of Ashenzari.
 21141 | D:15     | Reached XP level 16. HP: 106/106 MP: 22/22
 21341 | D:15     | Found a staircase to the Depths.
 21846 | Snake:1  | Entered Level 1 of the Snake Pit
 22142 | Snake:1  | Found Ciry's Distillery.
 22789 | Snake:2  | Noticed Frances
 22792 | Snake:2  | Noticed Aizul
 22803 | Snake:2  | Killed Frances
 22814 | Snake:2  | Killed Aizul
 22822 | Snake:2  | Noticed a nagaraja
 22836 | Snake:2  | Killed a nagaraja
 22919 | Snake:2  | Noticed a nagaraja
 22927 | Snake:2  | Killed a nagaraja
 23276 | Snake:3  | Reached skill level 10 in Armour
 23349 | Snake:3  | Found Kikk's Specific Store.
 23358 | Snake:3  | Found Xotug's General Store.
 23396 | Snake:3  | Reached skill level 5 in Dodging
 23547 | Snake:3  | Identified the +3 leather armour "Piuc" {rPois rC- Str+8}
 23714 | Snake:4  | Entered Level 4 of the Snake Pit
 24155 | Snake:4  | Noticed a nagaraja
 24282 | Snake:3  | Reached skill level 15 in Fighting
 24293 | Snake:3  | Killed a nagaraja
 24640 | Snake:4  | Reached XP level 17. HP: 103/113 MP: 23/23
 25147 | Snake:4  | Got a serpentine rune of Zot
 25324 | Shoals:1 | Entered Level 1 of the Shoals
 25390 | Shoals:3 | Found Gisa Maiqe's Magic Scroll Boutique.
 25393 | Shoals:3 | Bought a scroll of blinking for 135 gold pieces
 25393 | Shoals:3 | Bought a scroll of blinking for 135 gold pieces
 25460 | Shoals:4 | Entered Level 4 of the Shoals
 25997 | Shoals:4 | Noticed Ilsuiw
 26067 | Shoals:4 | Killed Ilsuiw
 26127 | Shoals:4 | Reached skill level 10 in Invocations
 26272 | Shoals:3 | Noticed Polyphemus
 26546 | Shoals:4 | Got a barnacled rune of Zot
 27135 | Shoals:4 | Reached XP level 18. HP: 119/119 MP: 27/27
 27706 | Shoals:4 | Killed Polyphemus
 28076 | Shoals:3 | Found a runed translucent gate.
 28076 | Shoals:3 | Found a runed translucent gate.
 28076 | Shoals:3 | Found a runed translucent gate.
 28078 | Shoals:3 | Noticed Zarkath's ghost (adept DEFE)
 28093 | Shoals:3 | Killed Zarkath's ghost
 28924 | Shoals:2 | You are sucked into a shaft and drop 1 floor!
 29227 | Shoals:2 | Found a transporter.
 29239 | Shoals:2 | Found a transporter.
 29239 | Shoals:2 | Noticed Fipt's ghost (journeyman TeSu)
 29242 | Shoals:2 | Identified the ring of Midsummer {rElec Will- Str+6 Stlth+}
 29247 | Shoals:2 | Identified the +8 rapier of Iconoclasm {freeze, rC+ Str+4}
 30721 | Vaults:1 | Entered Level 1 of the Vaults
 30918 | Vaults:1 | Reached XP level 19. HP: 117/130 MP: 29/29
 30925 | Vaults:1 | Reached skill level 10 in Shields
 31511 | Vaults:1 | Found Antogell's Distillery.
 32355 | Vaults:2 | Found a crumbling gateway.
 32370 | Desolati | Entered the Desolation of Salt
 32738 | Desolati | Identified the amulet "Cozowekk" {RegenMP Harm Str+5 Int+4}
 32785 | Desolati | Reached skill level 15 in Shields
 32954 | Desolati | Identified the +3 flail of Hospitality {holy, rN++ Int+3}
 32956 | Desolati | Identified the ring "Jeithroa" {rPois AC+4}
 32961 | Desolati | Identified the ring "Adynnat" {MP+9 Int+3}
 33117 | Desolati | Reached XP level 20. HP: 136/137 MP: 30/30
 33177 | Desolati | Identified the ring of the Dancing Gods {rPois Int+3 Dex+2
                  | SInv}
 33178 | Desolati | Identified the ring of Vereeh {rN+ Str+2 Int+6}
 33182 | Desolati | Identified the +9 dagger of the Wasteland {pain, rF+ Int+2}
 34176 | Vaults:2 | Identified the +8 dire flail "Leeck" {antimagic, Int+5}
 34237 | Vaults:2 | Found Inukk's Magic Scroll Boutique.
 34242 | Vaults:2 | Bought a scroll of teleportation for 42 gold pieces
 34242 | Vaults:2 | Bought a scroll of teleportation for 42 gold pieces
 34439 | Vaults:2 | Identified the +0 plate armour of the Hart {rF+ rC+ rN+}
 34804 | Vaults:3 | Found Ojohush's Armour Shop.
 35649 | Vaults:3 | Found a staircase to the Crypt.
 35816 | Vaults:3 | Reached XP level 21. HP: 146/146 MP: 31/31
 36928 | Vaults:4 | Found Etetuef's Magic Scroll Emporium.
 36939 | Vaults:4 | Found a runed translucent gate.
 36939 | Vaults:4 | Found a runed translucent gate.
 36939 | Vaults:4 | Found an ancient bone altar of Kikubaaqudgha.
 36939 | Vaults:4 | Noticed an ancient lich
 36939 | Vaults:4 | Noticed Cinyup Wudu's ghost (adept FeBe)
 36940 | Vaults:4 | Found a runed translucent gate.
 36940 | Vaults:4 | Noticed a dread lich
 36973 | Vaults:4 | Killed Cinyup Wudu's ghost
 36977 | Vaults:4 | Killed a dread lich
 36980 | Vaults:4 | Killed an ancient lich
 36992 | Vaults:4 | Identified the +2 cloak of the Game of Kings {rPois Regen+}
 36995 | Vaults:4 | Identified the ring of Cuethript {rElec Str+2 Int+6 SInv}
 37419 | Vaults:4 | Found Lanluh's Assorted Antiques.
 38144 | Orc:2    | Bought a shiny tower shield for 195 gold pieces
 38187 | Elf:1    | Entered Level 1 of the Elven Halls
 38293 | Elf:1    | Found Mamouxto's Antique Armour Shoppe.
 38302 | Elf:1    | Bought a faintly humming helmet for 370 gold pieces
 38302 | Elf:1    | Identified the +0 helmet of the Mind {rN++} (You bought it
                  | in a shop on level 1 of the Elven Halls)
 38476 | Elf:1    | Reached skill level 15 in Armour
 38881 | Elf:1    | Paralysed by an air elemental for 1 turns
 39550 | Elf:2    | Reached XP level 22. HP: 152/152 MP: 32/32
 39585 | Elf:2    | Found Toarr's Book Shoppe.
 39634 | Elf:2    | Paralysed by an air elemental for 1 turns
 39693 | Elf:2    | Found a runed translucent gate.
 39694 | Elf:2    | Found a runed translucent gate.
 39694 | Elf:2    | Found a runed translucent gate.
 39752 | Elf:2    | Paralysed by an air elemental for 1 turns
 39917 | Elf:2    | Paralysed by an air elemental for 1 turns
 40158 | Elf:3    | Entered Level 3 of the Elven Halls
 40185 | Elf:3    | Noticed Nikola
 40211 | Elf:3    | Killed Nikola
 40383 | Elf:3    | Paralysed by an air elemental for 1 turns
 40572 | Elf:3    | Found Iqaclul's Jewellery Boutique.
 40573 | Elf:3    | Found Beyssiej's Book Shoppe.
 40574 | Elf:3    | Found Ofel's Jewellery Boutique.
 40983 | Elf:3    | Identified the +5 lajatang of Ashenzari's Grace {vorpal,
                  | Fragile rC+ Dex+7}
 41080 | Elf:3    | Identified the +3 acid dragon scales of Jaciej {rF- rC+
                  | rCorr Int+4 Dex+8}
 41229 | Elf:3    | Identified the ring "Wiqur" {AC+4 Str+3}
 41366 | Elf:3    | Identified the +8 sling of Painted Tender Mercy {flame,
                  | rElec rC++ Stlth+}
 41378 | Elf:3    | Identified the +5 quarterstaff "Koegrin" {flame, *Slow
                  | rElec rPois Str+3}
 41380 | Elf:3    | Identified the +5 battleaxe "Eliethro" {drain, rElec rF-
                  | rC+ SInv}
 41405 | Elf:3    | Identified the +2 chain mail "Joipink" {-Tele Fly rN+++
                  | Str-4}
 41837 | Depths:1 | Entered Level 1 of the Depths
 42233 | Depths:1 | Reached skill level 1 in Earth Magic
 42638 | Depths:1 | Found a gateway to Hell.
 42753 | Depths:1 | Found Joys's Armour Boutique.
 42949 | Depths:1 | Reached XP level 23. HP: 158/158 MP: 34/34
 42959 | Depths:1 | Found an ornate altar of the Wu Jian Council.
 43303 | Depths:1 | Reached skill level 5 in Earth Magic
 43702 | Depths:2 | Paralysed by a floating eye for 2 turns
 43886 | Depths:2 | Found Cekkax's Assorted Antiques.
 43892 | Depths:2 | Found Kyt Duph's Magic Scroll Boutique.
 43944 | Depths:2 | Bought 2 potions of might for 304 gold pieces
 43948 | Depths:2 | Bought a scroll of blinking for 90 gold pieces
 44029 | Depths:2 | Found a hide-covered altar of Uskayaw.
 44229 | Depths:2 | Reached skill level 1 in Spellcasting
 44377 | Depths:2 | Found a one-way gate leading to the halls of Pandemonium.
 44871 | Depths:3 | Learned a level 2 spell: Passwall
 44945 | Depths:3 | Noticed a caustic shrike
 44966 | Depths:3 | Killed a caustic shrike
 44967 | Depths:3 | Reached skill level 1 in Transmutations
 45008 | Depths:3 | Got the Almanac of Contamination and Convocation
 45182 | Depths:3 | Noticed a caustic shrike
 45191 | Depths:3 | Noticed a juggernaut
 45194 | Depths:3 | Noticed a caustic shrike
 45204 | Depths:3 | Reached skill level 5 in Transmutations
 45206 | Depths:3 | Killed a juggernaut
 45214 | Depths:3 | Killed a caustic shrike
 45219 | Depths:3 | Identified the +4 battleaxe of Purpose {elec, Will+ Stlth+}
 45248 | Depths:3 | Reached XP level 24. HP: 128/169 MP: 34/34
 45277 | Depths:3 | Killed a caustic shrike
 45768 | Depths:3 | Learned a level 4 spell: Anguish
 45837 | Depths:3 | Noticed a caustic shrike
 45856 | Depths:3 | Killed a caustic shrike
 46036 | Depths:3 | Learned a level 1 spell: Apportation
 46060 | Depths:3 | Reached skill level 1 in Translocations
 46069 | Depths:3 | Found a corrupted altar of Lugonu.
 46069 | Depths:3 | Found a one-way gate to the infinite horrors of the Abyss.
 46099 | Depths:3 | Identified the +5 flail of Foupruogh {flame, +Blink rN++
                  | Stlth-}
 46157 | Depths:3 | Identified the +4 chain mail of the King of the Hill {-Cast
                  | Str+6 Stlth+}
 46360 | Depths:4 | Entered Level 4 of the Depths
 46678 | Depths:4 | Reached skill level 5 in Translocations
 46701 | Depths:4 | Found a runed translucent door.
 46760 | Depths:4 | Noticed Parghit
 46811 | Depths:4 | Killed Parghit
 46976 | Depths:4 | Found a runed translucent gate.
 46977 | Depths:4 | Found a runed translucent gate.
 46977 | Depths:4 | Found an opulent altar of Gozag.
 46978 | Depths:4 | Found a runed translucent gate.
 46980 | Depths:4 | Noticed a caustic shrike
 46980 | Depths:4 | Noticed Leaxtu's ghost (adept DsGl)
 46982 | Depths:4 | Found Cimeoss's Assorted Antiques.
 46995 | Depths:4 | Reached skill level 15 in Invocations
 47148 | Depths:4 | Noticed Xtahua
 47157 | Depths:4 | Killed Xtahua
 47257 | Depths:4 | Found a one-way gateway to a ziggurat.
 47581 | Depths:4 | Found a gate to the Realm of Zot.
 47680 | Depths:4 | Reached XP level 25. HP: 160/176 MP: 35/35
 47733 | Depths:4 | Identified the ring of Circularity {rElec rF+ AC+4 Int+6
                  | Dex+4}
 48139 | Slime:1  | Entered Level 1 of the Pits of Slime
 48326 | Slime:2  | Gained mutation: Your spells are a little harder to cast,
                  | but a little more powerful. [a shining eye]
 48396 | Slime:2  | Lost mutation: Your spells are a little harder to cast, but
                  | a little more powerful. [a shining eye]
 48696 | Slime:5  | Entered Level 5 of the Pits of Slime
 49075 | Slime:5  | Found a viscous altar of Jiyva.
 49076 | Slime:5  | Noticed the Royal Jelly
 49128 | Slime:5  | Killed the Royal Jelly
 49129 | Slime:5  | Gained mutation: You are vulnerable to heat. (rF-) [a
                  | shining eye]
 49132 | Slime:5  | Gained mutation: You are dopey. (Int -2) [a shining eye]
 49211 | Slime:5  | Identified the ring of Xiubbust {Wiz rElec rC+ Will+}
 49266 | Slime:5  | Got a slimy rune of Zot
 49307 | Slime:5  | Identified the +0 leather armour of the Harp {Dex+6}
 49859 | Depths:4 | Killed Leaxtu's ghost
 49931 | Depths:4 | Bought a scroll of acquirement for 1924 gold pieces
 50681 | Depths:3 | Voluntarily entered the Abyss.
 51208 | Abyss:3  | Found a basalt altar of Yredelemnul.
 51265 | Abyss:3  | Found a basalt altar of Yredelemnul.
 51553 | Abyss:3  | Paralysed by accursed screaming for 1 turns
 51795 | Abyss:3  | Reached XP level 26. HP: 154/186 MP: 36/36
 52192 | Abyss:3  | Got an abyssal rune of Zot
 52206 | Depths:3 | Escaped the Abyss
 52486 | Vaults:5 | Entered Level 5 of the Vaults
 52528 | Vaults:5 | Noticed Mennas
 52547 | Vaults:5 | Killed Mennas
 52576 | Vaults:5 | Found Ucvob's Jewellery Boutique.
 53250 | Vaults:5 | Identified the ring of the Crown {rN+ MP+9}
 53308 | Vaults:5 | Noticed an ancient lich
 53326 | Vaults:5 | Killed an ancient lich
 53347 | Vaults:5 | Noticed a dread lich
 53360 | Vaults:5 | Killed a dread lich
 53413 | Vaults:5 | Noticed an ancient lich
 53426 | Vaults:5 | Killed an ancient lich
 53575 | Vaults:5 | Reached skill level 27 in Fighting
 53683 | Vaults:5 | Noticed an ancient lich
 53717 | Vaults:5 | Killed an ancient lich
 53944 | Vaults:5 | Reached skill level 10 in Evocations
 53957 | Vaults:5 | Identified the ring of Polytheism {Ice Will+ Str+4 Int-2
                  | Dex+3}
 54128 | Vaults:5 | Identified the +1 ring mail of the Shrike {Rampage +Blink
                  | rC+}
 54133 | Vaults:5 | Got the Lessons on the Discontinuous Lithosphere
 54141 | Vaults:5 | Got Ywanwiga's Vellum of Creative Malignant Liturgies
 54193 | Vaults:5 | Reached XP level 27. HP: 197/199 MP: 36/36
 54285 | Vaults:5 | Identified the +0 helmet of an ice cave {rF+}
 54288 | Vaults:5 | Got a silver rune of Zot
 54327 | Vaults:5 | Identified the +3 short sword "Jaiwa" {drain, Str+8 Dex-3
                  | SInv}
 54327 | Vaults:5 | Identified the +2 robe "Mot Nurr" {Str+3}
 55041 | Zot:1    | Entered Level 1 of the Realm of Zot
 55760 | Vaults:2 | Bought a scroll of enchant weapon for 105 gold pieces
 56071 | Depths:4 | Acquired the +3 war axe "Atteyrgh" {freeze, +Blink rF+
                  | Will+ Str+3}
 56614 | Zot:1    | Identified the +2 ring mail of the Eternal Fruit {Harm rF+}
 56661 | Zot:1    | Found a transporter.
 57028 | Zot:1    | Noticed an orb of fire
 57830 | Zot:2    | Identified the +1 robe of Midwinter {Stlth+}
 59367 | Zot:3    | Found a transporter.
 59369 | Zot:3    | Found a transporter.
 59373 | Zot:3    | Found a transporter.
 59554 | Zot:3    | Found a transporter.
 59759 | Zot:3    | Noticed Ocoxec's ghost (veteran AtGl)
 59769 | Zot:3    | Found a transporter.
 59772 | Zot:3    | Found a transporter.
 59782 | Zot:3    | Noticed a dread lich
 60200 | Zot:3    | Noticed a juggernaut
 60200 | Zot:3    | a juggernaut changed into a golden dragon
 60385 | Zot:3    | Killed a dread lich
 60604 | Zot:3    | Killed Ocoxec's ghost
 60654 | Zot:3    | Identified the +4 plate armour of Greater Demons {*Corrode
                  | Will+++ Dex+3 SInv}
 60683 | Zot:3    | Identified the +4 chain mail of Vydiv {-Cast rElec rPois
                  | Str-3}
 60706 | Zot:4    | Found the +4 dragonskin cloak
 60706 | Zot:4    | Noticed Tiamat
 61493 | Zot:4    | Found Futeet's CLEARANCE SALE!.
 62095 | Zot:4    | Killed Tiamat
 62539 | Zot:5    | Entered Level 5 of the Realm of Zot
 63199 | Zot:5    | Reached skill level 15 in Evocations
 63751 | Zot:5    | Noticed an orb of fire
 63754 | Zot:5    | Noticed an orb of fire
 63754 | Zot:5    | Noticed an orb of fire
 63755 | Zot:5    | Gained mutation: You have supernaturally acute eyesight.
                  | (SInv) [an orb of fire]
 63755 | Zot:5    | Noticed an orb of fire
 63757 | Zot:5    | Gained mutation: You have hidden genetic defects. [an orb
                  | of fire]
 63760 | Zot:5    | Noticed an orb of fire
 63761 | Zot:5    | Noticed a dread lich
 63764 | Zot:5    | Noticed an orb of fire
 63764 | Zot:5    | Noticed an orb of fire
 63765 | Zot:5    | Killed an orb of fire
 63766 | Zot:5    | Noticed an orb of fire
 63768 | Zot:5    | Noticed an orb of fire
 63772 | Zot:5    | Noticed an ancient lich
 63772 | Zot:5    | Killed an orb of fire
 63773 | Zot:5    | Gained mutation: You do not regenerate when monsters are
                  | visible. [an orb of fire]
 63780 | Zot:5    | Noticed an orb of fire
 63912 | Zot:4    | Lost mutation: You have supernaturally acute eyesight.
                  | (SInv) [potion of mutation]
 63912 | Zot:4    | Lost mutation: You do not regenerate when monsters are
                  | visible. [potion of mutation]
 64110 | Zot:5    | Gained mutation: You are clumsy. (Dex -2) [an orb of fire]
 64114 | Zot:5    | Gained mutation: Your body sometimes deteriorates upon
                  | taking damage. [an orb of fire]
 64120 | Zot:5    | Gained mutation: You occasionally shout uncontrollably at
                  | your foes. [an orb of fire]
 64133 | Zot:5    | Killed an orb of fire
 64197 | Zot:5    | Gained mutation: You sometimes lose your temper in combat.
                  | [an orb of fire]
 64205 | Zot:5    | Killed an orb of fire
 64354 | Zot:5    | Gained mutation: You are vulnerable to cold. (rC-) [an orb
                  | of fire]
 64360 | Zot:5    | Killed an orb of fire
 64375 | Zot:5    | Killed an ancient lich
 64384 | Zot:5    | Killed an orb of fire
 64392 | Zot:5    | Gained mutation: You occasionally lose the ability to read
                  | scrolls when taking damage. [hidden defects]
 64424 | Zot:5    | Lost mutation: You are vulnerable to heat. (rF-) [potion of
                  | mutation]
 64424 | Zot:5    | Lost mutation: You are clumsy. (Dex -2) [potion of
                  | mutation]
 64425 | Zot:5    | Lost mutation: You occasionally shout uncontrollably at
                  | your foes. [potion of mutation]
 64425 | Zot:5    | Lost mutation: You sometimes lose your temper in combat.
                  | [potion of mutation]
 64425 | Zot:5    | Lost mutation: Your body sometimes deteriorates upon taking
                  | damage. [potion of mutation]
 64425 | Zot:5    | Gained mutation: You are partially covered in iridescent
                  | scales. (AC +2) [potion of mutation]
 64425 | Zot:5    | Gained mutation: You have an increased reservoir of magic.
                  | (+10% MP) [potion of mutation]
 64470 | Zot:5    | Killed an orb of fire
 64581 | Zot:5    | Noticed a dread lich
 64594 | Zot:5    | Killed a dread lich
 64633 | Zot:5    | Killed a dread lich
 64789 | Zot:5    | Killed an orb of fire
 64796 | Zot:5    | Killed an orb of fire
 65286 | Zot:5    | Gained mutation: You have terrible hidden genetic defects.
                  | [hidden defects]
 65286 | Zot:5    | Lost mutation: You have terrible hidden genetic defects.
                  | [hidden defects expressed]
 65486 | Zot:5    | Gained mutation: You are weak. (Str -2) [an orb of fire]
 65492 | Zot:5    | Gained mutation: You sometimes lose the ability to read
                  | scrolls when taking damage. [an orb of fire]
 65495 | Zot:5    | Lost mutation: You have an increased reservoir of magic.
                  | (+10% MP) [an orb of fire]
 65498 | Zot:5    | Killed an orb of fire
 65514 | Zot:5    | Lost mutation: You are weak. (Str -2) [potion of mutation]
 65514 | Zot:5    | Lost mutation: You sometimes lose the ability to read
                  | scrolls when taking damage. [potion of mutation]
 65514 | Zot:5    | Gained mutation: Your muscles are strong. (Str +4, Int/Dex
                  | -1) [potion of mutation]
 65514 | Zot:5    | Gained mutation: You possess an exceptional clarity of
                  | mind. [potion of mutation]
 66947 | Snake:1  | Bought a potion of mutation for 128 gold pieces
 66947 | Snake:1  | Lost mutation: You are partially covered in iridescent
                  | scales. (AC +2) [potion of mutation]
 66947 | Snake:1  | Lost mutation: You have hidden genetic defects. [potion of
                  | mutation]
 66947 | Snake:1  | Gained mutation: You are very dopey. (Int -4) [potion of
                  | mutation]
 66948 | Snake:1  | Bought a potion of haste for 160 gold pieces
 66948 | Snake:1  | Bought a potion of haste for 160 gold pieces
 66948 | Snake:1  | Bought a potion of resistance for 160 gold pieces
 67418 | Vaults:4 | Bought a potion of haste for 390 gold pieces
 67418 | Vaults:4 | Bought a potion of might for 156 gold pieces
 67563 | Vaults:1 | Bought a potion of haste for 140 gold pieces
 67563 | Vaults:1 | Bought a potion of haste for 140 gold pieces
 67936 | Shoals:2 | Killed Fipt's ghost
 68338 | Hell     | Entered the Vestibule of Hell
 68338 | Hell     | Noticed Geryon
 68365 | Hell     | Killed Geryon
 68518 | Hell     | Identified a +9 broad axe of holy wrath (a +7 broad axe of
                  | freezing blessed by the Shining One)
 68518 | Hell     | Received a gift from the Shining One
 68527 | Hell     | Found a gateway to the Iron City of Dis.
 68576 | Hell     | Found a gateway to the freezing wastes of Cocytus.
 68732 | Hell     | Found a gateway to the decaying netherworld of Tartarus.
 68851 | Hell     | Found a gateway to the ashen valley of Gehenna.
 69007 | Zig:1    | Entered Level 1 of a ziggurat
 69007 | Zig:1    | Noticed Jeleihix the pandemonium lord
 69022 | Zig:1    | Killed Jeleihix the pandemonium lord
 69035 | Zig:2    | Entered Level 2 of a ziggurat
 69061 | Zig:3    | Entered Level 3 of a ziggurat
 69127 | Zig:4    | Entered Level 4 of a ziggurat
 69129 | Zig:4    | Noticed Cobloewo the pandemonium lord
 69148 | Zig:4    | Killed Cobloewo the pandemonium lord
 69160 | Zig:4    | Identified the +4 ring mail of the Shoals {rElec Str-3
                  | Int+2 Dex+5}
 69192 | Zig:5    | Entered Level 5 of a ziggurat
 69197 | Zig:5    | Noticed a dread lich
 69215 | Zig:5    | Killed a dread lich
 69241 | Zig:6    | Entered Level 6 of a ziggurat
 69306 | Zig:7    | Entered Level 7 of a ziggurat
 69340 | Zig:7    | Identified the +0 rapier of Doroll {flame, Dex+5}
 69341 | Zig:7    | Identified the ring of Hose Zar {+Blink rC+}
 69383 | Zig:8    | Entered Level 8 of a ziggurat
 69396 | Zig:8    | Paralysed by a floating eye for 4 turns
 69422 | Zig:8    | Identified the +6 glaive of Beeraun {venom, Fragile rF-
                  | Dex+8 SInv}
 69442 | Zig:9    | Entered Level 9 of a ziggurat
 69485 | Zig:9    | Paralysed by accursed screaming for 1 turns
 69493 | Zig:9    | Paralysed by accursed screaming for 1 turns
 69607 | Zig:9    | Acquired a manual of Throwing
 69624 | Zig:10   | Entered Level 10 of a ziggurat
 69663 | Zig:10   | Found the +8 Vampire's Tooth {vamp}
 69701 | Zig:11   | Entered Level 11 of a ziggurat
 69715 | Zig:11   | Noticed an orb of fire
 69719 | Zig:11   | Reached skill level 27 in Invocations
 69730 | Zig:11   | Gained mutation: You sometimes lose the ability to read
                  | scrolls when taking damage. [an orb of fire]
 69734 | Zig:11   | Killed an orb of fire
 69775 | Zig:11   | Got the Tome of the Pyromaniac and the Quarry
 69779 | Zig:11   | Identified the amulet "Wuijegh" {rC+ Regen+}
 69795 | Zig:11   | Identified the +0 cloak of the Orb {rElec rC+ rN+}
 69817 | Zig:11   | Lost mutation: Your muscles are strong. (Str +4, Int/Dex
                  | -1) [potion of mutation]
 69817 | Zig:11   | Lost mutation: You possess an exceptional clarity of mind.
                  | [potion of mutation]
 69817 | Zig:11   | Gained mutation: You have a pair of small horns on your
                  | head. [potion of mutation]
 69817 | Zig:11   | Gained mutation: You are agile. (Dex +4, Str/Int -1)
                  | [potion of mutation]
 69818 | Zig:11   | Lost mutation: You are very dopey. (Int -4) [potion of
                  | mutation]
 69818 | Zig:11   | Lost mutation: You are dopey. (Int -2) [potion of mutation]
 69818 | Zig:11   | Gained mutation: Your movements are slightly less
                  | encumbered by armour. (ER -2) [potion of mutation]
 69819 | Zig:11   | Lost mutation: You sometimes lose the ability to read
                  | scrolls when taking damage. [potion of mutation]
 69819 | Zig:11   | Lost mutation: You are agile. (Dex +4, Str/Int -1) [potion
                  | of mutation]
 69819 | Zig:11   | Lost mutation: Your movements are slightly less encumbered
                  | by armour. (ER -2) [potion of mutation]
 69819 | Zig:11   | Gained mutation: You are frail. (-10% HP) [potion of
                  | mutation]
 69819 | Zig:11   | Gained mutation: You are dopey. (Int -2) [potion of
                  | mutation]
 69819 | Zig:11   | Lost mutation: You are dopey. (Int -2) [potion of mutation]
 69820 | Zig:11   | Lost mutation: You have a pair of small horns on your head.
                  | [potion of mutation]
 69820 | Zig:11   | Lost mutation: You are frail. (-10% HP) [potion of
                  | mutation]
 69820 | Zig:11   | Lost mutation: You are vulnerable to cold. (rC-) [potion of
                  | mutation]
 69820 | Zig:11   | Gained mutation: Your magical capacity is low. (-10% MP)
                  | [potion of mutation]
 69820 | Zig:11   | Gained mutation: You occasionally lose the ability to drink
                  | potions when taking damage. [potion of mutation]
 69820 | Zig:11   | Gained mutation: You are partially covered in iridescent
                  | scales. (AC +2) [potion of mutation]
 69821 | Zig:11   | Lost mutation: Your magical capacity is low. (-10% MP)
                  | [potion of mutation]
 69821 | Zig:11   | Lost mutation: You occasionally lose the ability to drink
                  | potions when taking damage. [potion of mutation]
 69821 | Zig:11   | Lost mutation: You are partially covered in iridescent
                  | scales. (AC +2) [potion of mutation]
 69837 | Zig:12   | Entered Level 12 of a ziggurat
 69936 | Zig:13   | Entered Level 13 of a ziggurat
 69977 | Zig:13   | Identified the +2 arbalest of Dukissos {venom, Fly Str+2
                  | Int+3 Dex+4}
 69978 | Zig:13   | Identified the +12 sling of Ashenzari's Vengeance {venom,
                  | rN+ Stlth+}
 69981 | Zig:13   | Identified the +7 falchion of the End {vorpal, rPois rC+
                  | Str-4 Int+6}
 69983 | Zig:13   | Identified the +4 mace "Eskowiev" {freeze, rPois Int-2
                  | Dex+5}
 70001 | Zig:14   | Entered Level 14 of a ziggurat
 70017 | Zig:14   | Paralysed by an air elemental for 1 turns
 70060 | Zig:14   | Found the +12 glaive of Prune {vorpal}
 70086 | Zig:14   | Identified the +7 quarterstaff "Fypsup" {vamp, Fly rC+ rN+
                  | Str+4 Dex-3}
 70118 | Zig:15   | Entered Level 15 of a ziggurat
 70126 | Zig:15   | Noticed a juggernaut
 70141 | Zig:15   | Killed a juggernaut
 70143 | Zig:15   | Noticed a juggernaut
 70163 | Zig:15   | Killed a juggernaut
 70189 | Zig:15   | Identified the ring of Temperance {rPois rN+ Int-2 Dex+2}
 70195 | Zig:15   | Identified the +18 crystal plate armour of Poveuca {Int+4}
 70197 | Zig:15   | Identified the +8 longbow of Amorality {flame, rPois rCorr
                  | Int-4 SInv}
 70199 | Zig:15   | Identified the +2 whip of Inquiry {antimagic, rF++ Str+4}
 70200 | Zig:15   | Identified the +5 ring mail of Gymnuxips {Harm rF+}
 70221 | Zig:15   | Identified the +6 dagger "Yruqi" {vorpal, rC+++}
 70224 | Zig:16   | Entered Level 16 of a ziggurat
 70293 | Zig:16   | Identified the ring of the Supporting Gods {Will++ Dex+6}
 70298 | Zig:16   | Identified the +6 short sword of Law {pain, +Blink Str+2
                  | Dex+2}
 70326 | Zig:16   | Lost mutation: You occasionally lose the ability to read
                  | scrolls when taking damage. [potion of mutation]
 70326 | Zig:16   | Gained mutation: You have a pair of small antennae on your
                  | head. [potion of mutation]
 70326 | Zig:16   | Gained mutation: Your flesh is heat resistant. (rF+)
                  | [potion of mutation]
 70326 | Zig:16   | Gained mutation: You have a pair of antennae on your head.
                  | [potion of mutation]
 71081 | Pan      | Entered Pandemonium
 71095 | Pan      | Noticed Rerott the pandemonium lord
 71141 | Pan      | Noticed Ignacio
 71151 | Pan      | Killed Ignacio
 71262 | Pan      | Gained mutation: You occasionally shout uncontrollably at
                  | your foes. [a cacodemon]
 71283 | Pan      | Entered the realm of Mnoleg.
 71357 | Pan      | Gained mutation: You are occasionally teleported next to
                  | monsters. [a cacodemon]
 71357 | Pan      | Gained mutation: You have sharp fingernails. [a neqoxec]
 71439 | Pan      | Gained mutation: You sometimes lose your temper in combat.
                  | [a neqoxec]
 71452 | Pan      | Gained mutation: You have an uncontrollable temper. [a
                  | cacodemon]
 71455 | Pan      | Gained mutation: Your magical capacity is low. (-10% MP) [a
                  | cacodemon]
 71598 | Pan      | Lost mutation: You have sharp fingernails. [a neqoxec]
 71637 | Pan      | Gained mutation: You are vulnerable to cold. (rC-) [a
                  | neqoxec]
 71768 | Pan      | Gained mutation: Your body sometimes deteriorates upon
                  | taking damage. [a neqoxec]
 71775 | Pan      | Gained mutation: You are very vulnerable to cold. (rC--) [a
                  | neqoxec]
 71933 | Pan      | Noticed Mnoleg
 72023 | Pan      | Lost mutation: You are very vulnerable to cold. (rC--) [a
                  | cacodemon]
 72061 | Pan      | Lost mutation: Your magical capacity is low. (-10% MP) [a
                  | cacodemon]
 72065 | Pan      | Gained mutation: You are weak. (Str -2) [a cacodemon]
 72095 | Pan      | Killed Mnoleg
 72140 | Pan      | Got a glowing rune of Zot
 72225 | Pan      | Gained mutation: You are clumsy. (Dex -2) [a cacodemon]
 72236 | Pan      | Lost mutation: You are clumsy. (Dex -2) [potion of
                  | mutation]
 72236 | Pan      | Lost mutation: Your body sometimes deteriorates upon taking
                  | damage. [potion of mutation]
 72236 | Pan      | Gained mutation: You are dopey. (Int -2) [potion of
                  | mutation]
 72237 | Pan      | Lost mutation: You are weak. (Str -2) [potion of mutation]
 72237 | Pan      | Lost mutation: You have a pair of antennae on your head.
                  | [potion of mutation]
 72237 | Pan      | Lost mutation: You are dopey. (Int -2) [potion of mutation]
 72238 | Pan      | Lost mutation: You are vulnerable to cold. (rC-) [potion of
                  | mutation]
 72238 | Pan      | Lost mutation: You have a pair of small antennae on your
                  | head. [potion of mutation]
 72238 | Pan      | Lost mutation: Your flesh is heat resistant. (rF+) [potion
                  | of mutation]
 72238 | Pan      | Gained mutation: Your spells are a little easier to cast,
                  | but a little less powerful. [potion of mutation]
 72239 | Pan      | Lost mutation: You are occasionally teleported next to
                  | monsters. [potion of mutation]
 72239 | Pan      | Lost mutation: You occasionally shout uncontrollably at
                  | your foes. [potion of mutation]
 72239 | Pan      | Gained mutation: You have a pair of small horns on your
                  | head. [potion of mutation]
 72239 | Pan      | Lost mutation: You have an uncontrollable temper. [potion
                  | of mutation]
 72239 | Pan      | Lost mutation: Your spells are a little easier to cast, but
                  | a little less powerful. [potion of mutation]
 72239 | Pan      | Gained mutation: You have a pair of horns on your head.
                  | [potion of mutation]
 72276 | Pan      | Reached skill level 27 in Armour
 72374 | Pan      | Noticed Meathrak the pandemonium lord
 72456 | Pan      | Got a demonic rune of Zot
 72490 | Pan      | Killed Meathrak the pandemonium lord
 72518 | Pan      | Noticed Tuiny the pandemonium lord
 72549 | Pan      | Killed Tuiny the pandemonium lord
 72884 | Pan      | Found an exit through the horrors of the Abyss.
 72903 | Pan      | Took an exit into the Abyss.
 72903 | Abyss:3  | Escaped into the Abyss
 72979 | Abyss:3  | Noticed a dread lich
 72981 | Abyss:3  | Gained mutation: Your magical capacity is low. (-10% MP) [a
                  | cacodemon]
 72994 | Abyss:3  | Killed a dread lich
 73376 | Depths:2 | Escaped the Abyss
 73434 | Depths:4 | Upgraded the game from 0.30-a0-241-g1121274140 to
                  | 0.30-a0-243-gaa749bd8e4
 74354 | Vaults:4 | Bought a scroll of teleportation for 42 gold pieces
 74354 | Vaults:4 | Bought a scroll of teleportation for 42 gold pieces
 74354 | Vaults:4 | Bought a scroll of enchant armour for 105 gold pieces
 74756 | Vaults:1 | Bought a potion of berserk rage for 70 gold pieces
 74926 | Pan      | Entered Pandemonium
 74934 | Pan      | Noticed Xulel the pandemonium lord
 74947 | Pan      | Killed Xulel the pandemonium lord
 75002 | Pan      | Entered the realm of Lom Lobon.
 75112 | Pan      | Noticed Lom Lobon
 75167 | Pan      | Killed Lom Lobon
 75404 | Pan      | Got a magical rune of Zot
 75611 | Pan      | Found an exit through the horrors of the Abyss.
 75715 | Pan      | Noticed Nawog the pandemonium lord
 75722 | Pan      | Killed Nawog the pandemonium lord
 76042 | Pan      | Entered the realm of Gloorx Vloq.
 76334 | Pan      | Noticed Gloorx Vloq
 76353 | Pan      | Killed Gloorx Vloq
 76367 | Pan      | Got a dark rune of Zot
 76569 | Pan      | Reached skill level 27 in Shields
 76636 | Pan      | Reached skill level 1 in Fire Magic
 76737 | Pan      | Found a runed translucent door.
 76844 | Pan      | Noticed Esoepsa the pandemonium lord
 76853 | Pan      | Killed Esoepsa the pandemonium lord
 76854 | Pan      | Reached skill level 5 in Fire Magic
 76872 | Pan      | Entered the realm of Cerebov.
 77111 | Pan      | Reached skill level 10 in Throwing
 77591 | Pan      | Found the +6 sword of Cerebov {flame}
 77591 | Pan      | Noticed Cerebov
 77622 | Pan      | Killed Cerebov
 77703 | Pan      | Identified the amulet "Nul Qid" {RegenMP rF++ Dex+7}
 77726 | Pan      | Identified the +9 longbow of Odumoato {vorpal, Fragile
                  | rElec Dex+3}
 77792 | Pan      | Reached skill level 10 in Fire Magic
 77825 | Pan      | Got a fiery rune of Zot
 77885 | Pan      | Identified the ring "Baywary" {rF+ Str+4 Dex+6}
 77895 | Pan      | Found an exit through the horrors of the Abyss.
 77924 | Pan      | Took an exit into the Abyss.
 77924 | Abyss:3  | Escaped into the Abyss
 78007 | Depths:2 | Escaped the Abyss
 78066 | Hell     | 910rd: ??order
 78066 | Hell     | beem: hyperelliptic[1/2]: D:11 -> Lair -> D:12 -> Orc ->
                  | D:15 -> S:3 -> maybe other S:3 -> get both S runes -> maybe
                  | Elf (but not the Elf:3 vault) -> Vaults:4 -> maybe Crypt ->
                  | Depths:4 -> Vaults:5 -> maybe Slime -> Zot ("S" means
                  | Shoals/Snake/Spider/Swamp)
 78066 | Hell     | 910rd: ??order[2
 78066 | Hell     | beem: sorear[6/7]: Do the closest level that you can
                  | handle. Use your brain.
 78164 | Tar:1    | Entered Level 1 of Tartarus
 78391 | Tar:1    | Noticed a dread lich
 78391 | Tar:1    | Noticed a dread lich
 78401 | Tar:1    | Killed a dread lich
 78405 | Tar:1    | Noticed an ancient lich
 78409 | Tar:1    | Killed a dread lich
 78410 | Tar:1    | Noticed an ancient lich
 78411 | Tar:1    | Reached skill level 10 in Dodging
 78417 | Tar:1    | Killed an ancient lich
 78422 | Tar:1    | Noticed a dread lich
 78428 | Tar:1    | Killed an ancient lich
 78434 | Tar:1    | Killed a dread lich
 78582 | Tar:2    | Noticed an ancient lich
 78595 | Tar:2    | Killed an ancient lich
 78924 | Tar:3    | Noticed an ancient lich
 78933 | Tar:3    | Killed an ancient lich
 79017 | Tar:4    | You are sucked into a shaft and drop 1 floor!
 79813 | Tar:4    | Reached skill level 15 in Dodging
 80309 | Tar:7    | Entered Level 7 of Tartarus
 80598 | Tar:7    | Got the Anthology of Grisly Hoarfrost
 80678 | Tar:7    | Noticed a dread lich
 80684 | Tar:7    | Paralysed by a dread lich for 5 turns
 80693 | Tar:7    | Killed a dread lich
 81339 | Tar:7    | Noticed a dread lich
 81352 | Tar:7    | Killed a dread lich
 81480 | Tar:7    | Noticed an ancient lich
 81490 | Tar:7    | Killed an ancient lich
 81515 | Tar:7    | Noticed Ereshkigal
 81547 | Tar:7    | Killed Ereshkigal
 81597 | Tar:7    | Got a bone rune of Zot
 82070 | Geh:1    | Entered Level 1 of Gehenna
 82991 | Geh:7    | Entered Level 7 of Gehenna
 83512 | Geh:7    | Noticed the Serpent of Hell
 83530 | Geh:7    | Killed the Serpent of Hell
 83884 | Geh:7    | Found the +7 sceptre of Asmodeus
 83884 | Geh:7    | Noticed Asmodeus
 83952 | Geh:7    | Killed Asmodeus
 84090 | Geh:7    | Found the +8 longbow "Zephyr" {speed, Dex+3 SInv}
 84105 | Geh:7    | Identified the ring "Sinkiefa" {rN+ Str+5 Int+6}
 84125 | Geh:7    | Identified the +0 ring mail of the Leaf {Str+4}
 84129 | Geh:7    | Identified the +1 scimitar "Seih Qen" {antimagic, Will-
                  | Str+5}
 84137 | Geh:7    | Got the Lessons on the Mutagenic Birds
 84138 | Geh:7    | Identified the +1 robe "Pyggizeme" {-Cast rN+ Stlth+}
 84146 | Geh:7    | Got an obsidian rune of Zot
 84689 | Dis:1    | Entered Level 1 of the Iron City of Dis
 85606 | Dis:7    | Entered Level 7 of the Iron City of Dis
 86122 | Dis:7    | Noticed a juggernaut
 86159 | Dis:7    | Killed a juggernaut
 86201 | Dis:7    | Noticed a juggernaut
 86230 | Dis:7    | Killed a juggernaut
 86449 | Dis:7    | Noticed a juggernaut
 86466 | Dis:7    | Killed a juggernaut
 86549 | Dis:7    | Found the +4 staff of Dispater
 86549 | Dis:7    | Noticed Dispater
 87038 | Dis:7    | Killed Dispater
 87057 | Dis:7    | Got the Meditations on Transformation and the Zephyr
 87062 | Dis:7    | Got an iron rune of Zot
 87212 | Coc:1    | Entered Level 1 of Cocytus
 87799 | Coc:4    | Paralysed by a wendigo for 1 turns
 87915 | Coc:5    | Paralysed by a wendigo for 1 turns
 88222 | Coc:6    | 910rd: ??tomb
 88222 | Coc:6    | beem: tomb[1/5]: Accessed from the Crypt on the third
                  | level. Three levels deep, with a golden rune at the bottom.
                  | In 0.20, Tomb has its stairs replaced with one-way
                  | staircases that are escape hatches leading pre-determined
                  | destinations, thus preventing {stair dancing}. A returning
                  | one-way staircase can be found nearby (but out of LOS) of
                  | each staircase's destination.
 88605 | Coc:7    | Entered Level 7 of Cocytus
 89105 | Coc:7    | Reached skill level 27 in Dodging
 89394 | Coc:7    | Paralysed by a wendigo for 1 turns
 89426 | Coc:7    | Noticed Antaeus
 89430 | Coc:7    | Paralysed by a wendigo for 1 turns
 89437 | Coc:7    | Got an icy rune of Zot
 89706 | Crypt:1  | Entered Level 1 of the Crypt
 89935 | Crypt:1  | Reached skill level 15 in Throwing
 90744 | Crypt:2  | Found a runed translucent door.
 90750 | Crypt:2  | Noticed an ancient lich
 91047 | Crypt:2  | Killed an ancient lich
 91078 | Crypt:3  | Entered Level 3 of the Crypt
 91092 | Crypt:3  | Noticed Grunn
 91114 | Crypt:3  | Killed Grunn
 91976 | Crypt:3  | Found a staircase to the Tomb.
 92232 | Crypt:3  | Identified the ring of Jorgh {Drain rPois Int+5 Stlth+}
 92253 | Crypt:3  | Identified the +1 great sword of Kismet {freeze, Str+4}
 92416 | Crypt:3  | Found a basalt altar of Yredelemnul.
 92700 | Crypt:3  | Identified the ring "Ynec" {Int+6 Dex+6}
 92928 | Crypt:3  | Identified the ring of Wishful Thinking {rN+ Str+2}
 92928 | Crypt:3  | Identified the ring "Qasch" {rN+ Int+3}
 92928 | Crypt:3  | Identified the ring "Syinnus" {rPois rN+ rCorr Dex+5}
 93170 | Crypt:3  | Upgraded the game from 0.30-a0-243-gaa749bd8e4 to
                  | 0.30-a0-253-g6b895097cc
 93271 | Tomb:1   | Entered Level 1 of the Tomb of the Ancients
 93650 | Tomb:1   | Lost mutation: Your magical capacity is low. (-10% MP)
                  | [potion of mutation]
 93650 | Tomb:1   | Lost mutation: You sometimes lose your temper in combat.
                  | [potion of mutation]
 93650 | Tomb:1   | Lost mutation: You have a pair of horns on your head.
                  | [potion of mutation]
 93650 | Tomb:1   | Gained mutation: You have hidden genetic defects. [potion
                  | of mutation]
 93650 | Tomb:1   | Gained mutation: Your magical capacity is low. (-10% MP)
                  | [potion of mutation]
 93650 | Tomb:1   | Gained mutation: Your mind is acute. (Int +4, Str/Dex -1)
                  | [potion of mutation]
 93651 | Tomb:1   | Lost mutation: You have a pair of small horns on your head.
                  | [potion of mutation]
 93651 | Tomb:1   | Lost mutation: Your magical capacity is low. (-10% MP)
                  | [potion of mutation]
 93651 | Tomb:1   | Lost mutation: You have hidden genetic defects. [potion of
                  | mutation]
 93651 | Tomb:1   | Gained mutation: You are frail. (-10% HP) [potion of
                  | mutation]
 93651 | Tomb:1   | Lost mutation: Your mind is acute. (Int +4, Str/Dex -1)
                  | [potion of mutation]
 95149 | Tomb:1   | Identified the +1 helmet "Zaimuxae" {-Cast Harm Str+4
                  | Stlth+}
 95181 | Tomb:1   | Learned a level 2 spell: Blink
 95185 | Tomb:1   | Learned a level 3 spell: Lesser Beckoning
 95253 | Tomb:1   | Noticed a royal mummy
 95263 | Tomb:1   | Killed a royal mummy
 95294 | Tomb:2   | Noticed a royal mummy
 95297 | Tomb:2   | Noticed a royal mummy
 95297 | Tomb:2   | Noticed a royal mummy
 95309 | Tomb:2   | Noticed a royal mummy
 95436 | Tomb:3   | Entered Level 3 of the Tomb of the Ancients
 95451 | Tomb:3   | Noticed a royal mummy
 95465 | Tomb:3   | Noticed a royal mummy
 95466 | Tomb:3   | Reached skill level 10 in Translocations
 95478 | Tomb:3   | Killed a royal mummy
 95491 | Tomb:3   | Noticed a royal mummy
 95492 | Tomb:3   | Killed a royal mummy
 95500 | Tomb:3   | Killed a royal mummy
 95538 | Tomb:3   | Noticed a royal mummy
 95550 | Tomb:3   | Killed a royal mummy
 95649 | Tomb:3   | Noticed a royal mummy
 95666 | Tomb:3   | Killed a royal mummy
 95669 | Tomb:3   | Acquired the +2 helmet of the End {Fly SInv}
 95677 | Tomb:3   | Noticed a royal mummy
 95680 | Tomb:3   | Noticed a royal mummy
 95697 | Tomb:3   | Killed a royal mummy
 95699 | Tomb:3   | Killed a royal mummy
 95816 | Tomb:3   | Noticed a royal mummy
 95829 | Tomb:3   | Killed a royal mummy
 95841 | Tomb:3   | Got a golden rune of Zot
 96192 | Tomb:3   | Identified the +6 broad axe "Sibbot" {flame, *Corrode rC+
                  | rN+ Stlth+}
 96218 | Tomb:3   | Identified the amulet of the Jolly Leylines {Reflect Harm
                  | rPois rN+ Str+3 SH+5}
 96219 | Tomb:3   | Identified the ring of Ydunuo {rPois rF+ rC- rN+ Int+4}
 96226 | Tomb:3   | Identified the ring "Wydae" {rC+ Str+6 Dex-4 Slay+3}
 96231 | Tomb:3   | Noticed a royal mummy
 96240 | Tomb:3   | Killed a royal mummy
 96261 | Tomb:3   | Got the Volume of the Tesseract and Hexes
 96271 | Tomb:3   | Identified the ring "Aseval" {rC- rN+ Will++ Dex+3}
 96978 | Zot:5    | Got the Orb of Zot
 97681 | D:1      | Noticed Jem Teff the pandemonium lord
 97692 | D:1      | Noticed Moqadav the pandemonium lord
 97693 | D:1      | Gained mutation: Your body sometimes deteriorates upon
                  | taking damage. [a neqoxec]
 97694 | D:1      | Killed Jem Teff the pandemonium lord
 97699 | D:1      | Killed Moqadav the pandemonium lord
 97704 | D:1      | Lost mutation: Your body sometimes deteriorates upon taking
                  | damage. [potion of mutation]
 97704 | D:1      | Lost mutation: You are frail. (-10% HP) [potion of
                  | mutation]
 97704 | D:1      | Gained mutation: You have large cloven feet. [potion of
                  | mutation]
 97704 | D:1      | Gained mutation: You are agile. (Dex +4, Str/Int -1)
                  | [potion of mutation]
 97704 | D:1      | Gained mutation: You possess an exceptional clarity of
                  | mind. [potion of mutation]
 97704 | D:1      | Gained mutation: Your flesh is cold resistant. (rC+)
                  | [potion of mutation]
 97723 | D:$      | Escaped with the Orb!

Illustrated notes

Levels and vault maps discovered:
D:1:      dpeg_arrival_boxorama, layout_basic
D:2:      layout_basic, serial_shops, nicolae_shop_waterfront,
          minmay_shallow_snake_nest
D:3:      layout_basic, serial_shops, nicolae_shop_crystal,
          chequers_serial_rivers_micro_b, hangedman_decor_riveting
D:4:      layout_gridville, lemuel_doored_altar, serial_shops,
          nicolae_shop_advertising_works [nicolae_subvault_shop_adworks],
          minmay_manual_maat
D:5:      layout_cave_pods
D:6:      layout_basic, mainiacjoe_overflow_six_doors_small
D:7:      layout_rooms, trog_hazing_becter, nicolae_overflow_two_pavilions,
          minmay_temple_entry_waves, enter_ossuary_1, serial_glass,
          glass_columns_a, glass_columns_b, glass_columns_a, glass_columns_a,
          glass_columns_b, glass_columns_b, glass_columns_a, glass_columns_c,
          glass_columns_a, glass_columns_a, glass_columns_a, glass_columns_a,
          glass_columns_b, glass_columns_b, kennysheep_nub, grunt_ministairs_3,
          chequers_decorated_corner
D:8:      layout_basic, erik_lair_orcish_takeover, kennysheep_pointless_box,
          dreamdust_mushroom_princess, minmay_tree_intersection,
          dreamdust_wishing_well, grunt_ministairs_9
D:9:      layout_roguey [special_room_orc]
D:10:     layout_roguey, demons_altar, minmay_crystal_room
D:11:     layout_basic, kennysheep_orc_monster_closet_entryway, serial_curves,
          eino_curves_02, eino_curves_01, kennysheep_cross_bottleneck,
          uniq_maurice, uniq_erolcha, uniq_josephine
D:12:     layout_gridville, nicolae_trove_entry_isolated, uniq_sonja,
          uniq_gastronok, uniq_jorgrun
D:13:     layout_big_octagon, gammafunk_ghost_hydra_chop
D:14:     layout_loops_ring, erik_vaults_2, chequers_serial_rivers_room_a,
          minivault_28
D:15:     grunt_enter_depths_hoard, layout_basic, ashenzari_conservatory_becter
Temple:   nicolae_temple_elliptical
Lair:1:   layout_misc_corridors, grunt_megastairs_3
Lair:2:   layout_cave_pods, guppyfry_snake_entry_garden, serial_bayou_shore_b,
          uniq_prince_ribbit2
Lair:3:   layout_roguey, elwin_shoals_entry_rooms
Lair:4:   layout_roguey, slime_entry_1, infiniplex_staircase_pool_2
Lair:5:   hangedman_lair_tendril_chambers, layout_cave_pods
Shoals:1: layout_shoals, nicolae_shoals_shepherds
Shoals:2: layout_shoals, ebering_ghost_davey_jones, nicolae_shoals_water_shrine
Shoals:3: layout_shoals, gammafunk_ghost_split, nicolae_stop_n_shop_1,
          uniq_polyphemus
Shoals:4: shoals_end_grunt_ice, layout_shoals, shoals_ilsuiw_alternative,
          nicolae_shoals_siren_and_animal_friends
Snake:1:  layout_basic, serial_shops, nicolae_shop_waterfront
Snake:2:  nicolae_aizul_guard, layout_misc_corridors, eino_curves_01,
          uniq_frances
Snake:3:  layout_misc_corridors, nicolae_specific_store, serial_bayou_crossing
Snake:4:  grunt_snake_rune_serpentine_throne, layout_cave_town, st_stairs_1
Slime:1:  layout_caves
Slime:2:  layout_caves
Slime:3:  layout_caves
Slime:4:  cheibrodos_slime_lost_civilization_10, layout_caves
Slime:5
Orc:1:    layout_caves
Orc:2:    grunt_orc_community_town_hall, layout_diamond_mine,
          grunt_orc_community_big_house_2, grunt_orc_community_big_house_1,
          grunt_orc_community_house_1, grunt_orc_community_house_3,
          grunt_orc_community_house_3, grunt_orc_community_house_1, mines1_david
Elf:1:    layout_loops_cross, serial_shops, nicolae_shop_overgrown_old_shop,
          hangedman_elven_crosses_minicolossus
Elf:2:    nicolae_elf_blades_crystal_corner, layout_gridlike, serial_shops,
          nicolae_square_shop
Elf:3:    minmay_elf_hall_hex, layout_geoelf_octagon, minmay_shop_grove,
          uniq_nikola
Vaults:1: v_alt_pattern_6, hangedman_vaults_corner_blocks,
          vaults_room_grunt_arrival_ludios, nicolae_vaults_three_branches,
          v_misc_25, grunt_vaults_diagonal, hangedman_vaults_maws,
          v_alt_pattern_2, layout_vaults_ring, serial_shops,
          nicolae_diamond_shop
Vaults:2: portal_desolation_entry_nicolae_slug, v_rooms_6,
          vaults_standard_mumra_enter_the_diamond, v_misc_16, st_hourglassy,
          v_misc_10, nicolae_vaults_network_quinsquares
          [nicolae_vaults_network_quincunx_subvault,
          nicolae_vaults_network_quincunx_subvault,
          nicolae_vaults_network_quincunx_subvault,
          nicolae_vaults_network_quincunx_subvault], v_pattern_3,
          hangedman_vaults_snaps, vaults_dpeg_spiral, ontoclasm_vaults_shuriken,
          ontoclasm_vaults_claustrophobia, nicolae_vaults_circle_grid_a,
          vaults_room_stairs_pillars, hangedman_vaults_corner_blocks,
          layout_vaults_maze, serial_shops, nicolae_shop_hallway_plus
Vaults:3: minmay_crypt_entry_simple_statues, vaults_room_door_ring,
          nicolae_vaults_alarming, nicolae_vaults_display_case, v_misc_17,
          nicolae_vaults_disjoint_gnomons, nicolae_vaults_sealed_display,
          v_misc_13, v_misc_19, vaults_room_semicircle, v_misc_30,
          vaults_dpeg_emergency_exit, nicolae_vaults_shelves_hall,
          nicolae_vaults_little_squares_1, layout_vaults_omnicross,
          serial_shops, nicolae_shop_trees
Vaults:4: gammafunk_ghost_crypt, nicolae_vaults_mini_display_case,
          vaults_mumra_minichess, nicolae_vaults_branching_niches,
          nicolae_vaults_specimen_jars, v_misc_8, v_pattern_4, v_misc_5,
          hangedman_vaults_slice, vaults_room_boxed, v_misc_19,
          vaults_dpeg_cross, vaults_room_mumra_shop_pool, layout_vaults_omnibox,
          serial_shops, shop
Vaults:5: uniq_mennas
Crypt:1:  layout_chaotic_city
Crypt:2:  cheibrodos_crypt_cold_storage, layout_misc_corridors,
          roderic_lattice_octagonal_star
Crypt:3:  evilmike_haunted_forest, uniq_grunn
Tomb:1
Tomb:2
Tomb:3
Depths:1: layout_gridlike, hell_entry, nzn_wu_jian_council_hall, serial_shops,
          shop, minmay_microvault, hangedman_decor_cross_pass
Depths:2: kennysheep_big_flooded_room, layout_honeycomb, hell_entry,
          grunt_decor_junction, rand_demon_pan_entry_1,
          nicolae_uskayaw_murder_on_the_dancefloor, minmay_shop_star
Depths:3: minmay_octagon_city, layout_cave_pools, pan_entry,
          abyss_entry_flame_altar, pf_coc_iceberg, mumra_transporter_accident
Depths:4: evilmike_zot_entry_hall, layout_basic, enter_ziggurat_f,
          nicolae_figureground_sparkle, ebering_ghost_gozag,
          pf_vacation_house_of_asmodeus, abyss_entry, minmay_acid_items,
          uniq_josephina, uniq_xtahua, uniq_parghit
Hell
Dis:1:    layout_overlapping_boxes, nicolae_dis_spooky_hallway
Dis:2:    layout_subdivisions
Dis:3:    layout_overlapping_boxes
Dis:4:    layout_gridville
Dis:5:    layout_regular_city
Dis:6:    layout_regular_city
Dis:7:    dis_grunt_layers
Geh:1:    layout_gehenna_lava_caves
Geh:2:    layout_gehenna_pools_basic, evilmike_ambush
          [evilmike_ambush_outer_basic, evilmike_ambush_inner_basic]
Geh:3:    nicolae_geh_i_lava_good_maze [nicolae_geh_lavamaze_diaghalf_village,
          nicolae_geh_lavamaze_diaghalf_recurse]
Geh:4:    layout_gehenna_lava_caves, lemuel_hellion_isle
Geh:5:    layout_gehenna_pools_box
Geh:6:    layout_gehenna_pools_triple
Geh:7:    geh_mu
Coc:1:    layout_cocytus_water_paths
Coc:2:    layout_cocytus_water_paths
Coc:3:    layout_ice_bergs
Coc:4:    layout_cocytus_water_paths
Coc:5:    nicolae_coc_through_the_icewall, layout_ice_bergs,
          nicolae_coc_statues_of_limitations
Coc:6:    nicolae_coc_naught_crossing, layout_cocytus_water_paths
Coc:7:    coc_dpeg
Tar:1:    layout_cathedral_of_symmetry, nicolae_hells_leichenhalle
Tar:2:    layout_honeycomb, lemuel_nasty_pond
Tar:3:    layout_grid_maze, nicolae_tar_cuneiform_sun
Tar:4:    layout_catacombs
Tar:5:    nicolae_tar_fifth_circle, layout_cathedral_of_symmetry,
          nicolae_hells_fiendish_ambush
Tar:6:    layout_grid_maze, evilmike_ambush [evilmike_ambush_outer_basic,
          evilmike_ambush_inner_pond]
Tar:7:    tar_old
Zot:1:    layout_gridlike, nicolae_diode_basic
Zot:2:    layout_twisted_circle, guppyfry_library_mini
Zot:3:    layout_gridlike, gammafunk_ghost_abyssal_escape,
          nicolae_transporter_circle
Zot:4:    layout_concentric_octagons, nicolae_shop_clearance, uniq_tiamat
Zot:5:    layout_gridlike

Skill      XL: |  1  2  3  4  5  6  7  8  9 10 11 12 13 14 15 16 17 18 19 20 21 22 23 24 25 26 27 |
---------------+----------------------------------------------------------------------------------+-----
Fighting       | 4 5 7 8 10 13 14 15 18 20 22 23 24 27 | 27.0
Axes           | 2 3 4 5 7 9 10 12 14 16 17 18 | 18.0
Armour         | 5 7 8 10 13 15 18 27 | 27.0
Invocations    | 5 8 13 14 16 18 27 | 27.0
Dodging        | 2 4 5 27 | 27.0
Evocations     | 2 5 8 10 15 | 15.0
Shields        | 5 7 8 9 15 18 20 23 27 | 27.0
Throwing       | 2 8 19 | 19.3
Earth Magic    | 4 6 8 |  8.0
Spellcasting   | 4 |  4.0
Transmutations | 6 |  6.0
Translocations | 6 13 | 13.8
Stealth        | 6 |  6.0
Fire Magic     | 11 | 11.4

Action                   |  1- 3 |  4- 6 |  7- 9 | 10-12 | 13-15 | 16-18 | 19-21 | 22-24 | 25-27 || total
-------------------------+-------+-------+-------+-------+-------+-------+-------+-------+-------++-------
Melee: War axe           |    61 |    60 |   392 |   407 |       |       |       |       |       ||   920
       Hand axe          |       |    73 |     2 |       |       |       |       |       |       ||    75
       Broad axe         |       |       |       |   226 |  1123 |  1350 |  1487 |  1352 |  8204 || 13742
       Spear             |       |       |       |     8 |       |       |       |       |       ||     8
       Flail             |       |       |       |       |    45 |       |       |       |       ||    45
       Headbutt          |       |       |       |       |       |       |       |       |  1550 ||  1550
Throw: Dart              |       |       |     1 |    10 |     6 |       |       |       |     5 ||    22
       Boomerang         |       |       |       |     8 |    22 |    25 |     3 |     3 |    14 ||    75
       Javelin           |       |       |       |       |       |       |       |    17 |     9 ||    26
       Throwing net      |       |       |       |       |       |       |       |       |     3 ||     3
 Cast: Apportation       |       |       |       |       |       |       |       |       |    63 ||    63
       Passwall          |       |       |       |       |       |       |       |       |    49 ||    49
       Blink             |       |       |       |       |       |       |       |       |     3 ||     3
Invok: Divine Shield     |       |       |       |     1 |     7 |     3 |     4 |     2 |    32 ||    49
       Summon Divine War |       |       |       |       |       |     2 |     3 |     2 |    37 ||    44
       Cleansing Flame   |       |       |       |       |       |     1 |     2 |     1 |    66 ||    70
       Brand Weapon With |       |       |       |       |       |       |       |       |     1 ||     1
Evoke: Wand              |     1 |       |       |    10 |    14 |     2 |       |       |    19 ||    46
       Box of beasts     |       |       |       |       |       |       |       |     1 |     2 ||     3
       Phantom mirror    |       |       |       |       |       |       |       |       |     2 ||     2
       Lightning rod     |       |       |       |       |       |       |       |       |     4 ||     4
       Tin of tremorston |       |       |       |       |       |       |       |       |     3 ||     3
  Use: Scroll            |     4 |     5 |    13 |     9 |     6 |     6 |     4 |     6 |    65 ||   118
       Potion            |       |       |       |     1 |     2 |     7 |     6 |       |    82 ||    98
 Stab: Paralysed         |     2 |       |       |       |       |       |       |       |       ||     2
Armor: Scale mail        |    43 |    17 |       |       |       |       |       |       |       ||    60
       Chain mail        |       |    64 |   274 |   371 |       |       |       |       |       ||   709
       Plate armour      |       |       |       |   146 |   901 |   993 |   670 |   512 |       ||  3222
       Gold dragon scale |       |       |       |       |       |       |       |   105 |  3569 ||  3674
Dodge: Dodged            |    36 |    71 |   178 |   251 |   379 |   310 |   248 |   221 |  1449 ||  3143
Block: Buckler           |    14 |    14 |    88 |   163 |   162 |       |       |       |       ||   441
       Kite shield       |       |       |       |       |   311 |   546 |   521 |       |       ||  1378
       Tower shield      |       |       |       |       |       |       |    95 |   930 |  8451 ||  9476
       Reflection        |       |       |       |       |       |       |    28 |    13 |       ||    41

Table legend: (Time is in decaauts)
 A = Elapsed time spent in this place.
 B = Non-inter-level travel time spent in this place.
 C = Inter-level travel time spent in this place.
 D = Time resting spent in this place.
 E = Time spent auto-exploring this place.
 F = Levels seen in this place.
 G = Mean time per level.
                   A        B        C        D        E       F      G
               +--------+--------+--------+--------+--------+-----+--------+
         Total |  93781 |  76274 |  17507 |  12029 |  31324 | 126 |  744.3 |
       Dungeon |  17910 |  11188 |   6722 |    275 |   8050 |  15 | 1194.0 |
        Temple |    105 |     84 |     21 |      0 |     65 |   1 |  105.0 |
          Lair |   7137 |   5746 |   1391 |    506 |   3318 |   5 | 1427.4 |
        Shoals |   4711 |   4442 |    269 |    479 |   2178 |   4 | 1177.8 |
     Snake Pit |   3397 |   2883 |    514 |    323 |   1759 |   4 |  849.2 |
    Slime Pits |   1106 |   1013 |     93 |    331 |      0 |   5 |  221.2 |
  Orcish Mines |   2233 |   1602 |    631 |     67 |    817 |   2 | 1116.5 |
   Elven Halls |   3254 |   2932 |    322 |    365 |   1785 |   3 | 1084.7 |
        Vaults |   9627 |   6882 |   2745 |    701 |   3547 |   5 | 1925.4 |
         Crypt |   3889 |   3047 |    842 |    427 |   1695 |   3 | 1296.3 |
          Tomb |   2066 |   1775 |    291 |    284 |    130 |   3 |  688.7 |
        Depths |   7472 |   5196 |   2276 |    349 |   3128 |   4 | 1868.0 |
          Hell |   1584 |   1388 |    196 |    640 |    302 |   1 | 1584.0 |
           Dis |   2385 |   2385 |      0 |    981 |      0 |   7 |  340.7 |
       Gehenna |   2381 |   2346 |     35 |    800 |     22 |   7 |  340.1 |
       Cocytus |   1868 |   1730 |    138 |    587 |      0 |   7 |  266.9 |
      Tartarus |   3495 |   3346 |    149 |    958 |     84 |   7 |  499.3 |
           Zot |  10020 |   9154 |    866 |   2267 |   3637 |   5 | 2004.0 |
         Abyss |   1791 |   1791 |      0 |    261 |    324 |   5 |  358.2 |
   Pandemonium |   4746 |   4746 |      0 |   1065 |     57 |  15 |  316.4 |
      Ziggurat |   1245 |   1245 |      0 |    168 |      0 |  16 |   77.8 |
       Ossuary |    375 |    375 |      0 |      0 |    253 |   1 |  375.0 |
    Desolation |    972 |    972 |      0 |    191 |    172 |   1 |  972.0 |
               +--------+--------+--------+--------+--------+-----+--------+

Top non-repeatable levels by time:
   Zot:5: 3720 daAuts
 Crypt:3: 2362 daAuts
Vaults:1: 2240 daAuts
Depths:4: 2223 daAuts
Vaults:2: 2035 daAuts
    D:15: 2010 daAuts
Vaults:5: 1932 daAuts
Vaults:4: 1903 daAuts
    D:11: 1874 daAuts
Shoals:4: 1831 daAuts
Depths:1: 1791 daAuts
Depths:2: 1756 daAuts
   Zot:2: 1751 daAuts
    D:14: 1729 daAuts
Depths:3: 1701 daAuts
